Cogmind - Beta 15 @@@ ROGUE MODE // 2025.08.10 @ 17:42:02 Player: Rock Tank Result: Escaped! Performance ------------- Evolutions (9) 4500 Regions Visited (28) 5600 Robots Destroyed (401) 2005 Value Destroyed (20881) 20881 Prototype IDs (23) 460 Alien Tech Used (0) 0 Bonus (11516) 11516 TOTAL SCORE: 44962 Bonus ------- High Alert Combat Kills 2111 Follower Combat Kills 2227 Entered Garrisons 1200 Used RIF Installer 3000 Win 3000 Friendly Fire -22 Cogmind --------- Core Integrity 1264/1600 Matter 165/300 Energy 1013/1440 System Corruption 10% Temperature Cool (20) Movement Treading (163) Location To Epsilon Eridani Parts ------- > --- POWER (3) -------- Hybrid Antimatter Reactor Quantum Reactor Light Quantum Reactor > --- PROPULSION (7) --- Armored Heavy Treads Advanced Heavy Siege Treads Advanced Heavy Siege Treads > --- UTILITY (12) ----- Huge Storage Unit Advanced Sensor Array Advanced Signal Interpreter Quantum Capacitor Advanced Transmission Jammer Hacking Suite Advanced System Shield Relay Coupler [NC] (8) > --- WEAPON (3) ------- Enhanced Quantum Rifle Nova Cannon > --- INVENTORY (25) --- Quantum Reactor Biometal Leg Centrium Leg Advanced Coolant Injector Experimental Matter Compressor (500) Centrium Medium Armor Plating Centrium Medium Armor Plating Centrium Medium Armor Plating Centrium Medium Armor Plating Relay Coupler [NC] (35) Gamma Rifle Enhanced Quantum Rifle Nova Cannon Nova Cannon Gamma Bomb Array Ragnarok Missile Launcher Advanced Remote Datajack Peak State ------------ > --- POWER ------------ Hybrid Antimatter Reactor Light Quantum Reactor Light Quantum Reactor > --- PROPULSION ------- Improved Heavy Treads Heavy Siege Treads Biometal Medium Treads Armored Heavy Treads > --- UTILITY ---------- Huge Storage Unit Advanced Signal Interpreter Advanced Targeting Computer Experimental Targeting Computer Quantum Capacitor Advanced Transmission Jammer Advanced Hardlight Generator Advanced Force Field Hacking Suite Advanced System Shield Relay Coupler [NC] > --- WEAPON ----------- HERF Cannon Nova Cannon Advanced Remote Datajack > --- INVENTORY -------- Quantum Reactor Light Quantum Reactor Advanced Heavy Siege Treads Advanced Heavy Siege Treads Biometal Leg Biometal Leg Biometal Leg Biometal Leg Advanced Cooling System Advanced Coolant Injector Energy Well Experimental Matter Compressor Advanced Sensor Array Centrium Medium Armor Plating Centrium Medium Armor Plating Centrium Medium Armor Plating Centrium Medium Armor Plating Relay Coupler [NC] Enhanced Quantum Rifle Nova Cannon Nova Cannon Gamma Bomb Array Ragnarok Missile Launcher [Rating: 180] Favorites ----------- Power Antimatter Reactor Engine Improved Deuterium Engine Power Core Neutrino Core Reactor Antimatter Reactor Propulsion Heavy Treads Treads Heavy Treads Leg Biometal Leg Wheel Armored Wheel Utility Huge Storage Unit Device Improved Cooling System Storage Huge Storage Unit Processor Experimental Targeting Computer Hackware Relay Coupler [Grunt] Protection Improved Light Armor Plating Weapon Heavy Phase Cannon Energy Gun High-powered Shock Rifle Energy Cannon Heavy Phase Cannon Ballistic Gun Improved Assault Rifle Ballistic Cannon Magnetic Acceleration Cannon Launcher Shock Bomb Launcher Special Weapon Remote Datajack Impact Weapon Heavy Hammer Slashing Weapon Great Axe Special Melee Weapon Improved Datajack Build | -11 -10 -10 -9 -9 -8 -8 -7 -7 -7 -7 -7 -7 -6 -6 -6 -6 -6 -6 -5 -5 -5 -5 -4 -4 -4 -3 -2 -1 ------- Run | Yrd Mat Min Mat Min Mat Gar Fac Was Fac Gar Fac Gar Fac Was Fac Gar Fac Gar Fac Was Fac Gar Fac Upp Upp Res Res Acc Slots Evolved 18 | . . . 2 . 2 . 2 . . . . . 2 . . . . . 2 . . . 2 . . 2 2 2 Power 2 | . . . . . . . . . . . . . . . . . . . 1 . . . . . . 1 . . Propulsion 5 | . . . 1 . . . . . . . . . 1 . . . . . . . . . 2 . . . 1 . Utility 10 | . . . . . 2 . 2 . . . . . 1 . . . . . 1 . . . . . . 1 1 2 Weapon 1 | . . . 1 . . . . . . . . . . . . . . . . . . . . . . . . . Parts Attached 374 | 8 12 2 32 1 30 23 16 4 15 6 5 24 6 7 1 26 5 36 25 5 3 8 4 1 3 28 27 11 Power 31 | 1 . 1 1 . 3 1 . 2 1 . . 3 . 1 . 4 . 4 1 . . 1 . . . 2 3 2 Engine 10 | 1 . 1 1 . 3 1 . 1 . . . 1 . . . 1 . . . . . . . . . . . . Core 5 | . . . . . . . . . 1 . . 1 . . . 1 . . 1 . . 1 . . . . . . Reactor 16 | . . . . . . . . 1 . . . 1 . 1 . 2 . 4 . . . . . . . 2 3 2 Propulsion 70 | 3 2 . 14 . 11 7 . 1 1 . 1 2 1 1 . 3 . 3 1 . . 2 3 . . 8 4 2 Treads 45 | 2 . . 13 . 9 2 . 1 . . . . 1 1 . 3 . 3 1 . . . 2 . . 1 4 2 Leg 7 | . . . . . . . . . . . . . . . . . . . . . . . . . . 7 . . Wheel 18 | 1 2 . 1 . 2 5 . . 1 . 1 2 . . . . . . . . . 2 1 . . . . . Hover . | . . . . . . . . . . . . . . . . . . . . . . . . . . . . . Flight . | . . . . . . . . . . . . . . . . . . . . . . . . . . . . . Utility 168 | 2 5 1 3 . 8 6 13 . 10 4 2 12 2 5 1 8 4 19 16 4 3 5 . 1 3 15 13 3 Device 64 | 1 3 1 2 . 4 1 3 . 4 . 1 3 2 2 . 1 1 5 8 1 . 2 . 1 1 8 7 2 Storage 8 | 1 1 . . . . 1 . . 1 . . . . . . 2 . . . . . . . . . . 1 1 Processor 12 | . 1 . . . . . 1 . 2 . . . . . . . 1 1 . 1 2 . . . . 2 1 . Hackware 55 | . . . . . . 1 6 . 2 3 1 6 . 1 . 3 2 11 7 1 . 3 . . 1 3 4 . Protection 29 | . . . 1 . 4 3 3 . 1 1 . 3 . 2 1 2 . 2 1 1 1 . . . 1 2 . . Artifact . | . . . . . . . . . . . . . . . . . . . . . . . . . . . . . Weapon 105 | 2 5 . 14 1 8 9 3 1 3 2 2 7 3 . . 11 1 10 7 1 . . 1 . . 3 7 4 Energy Gun 36 | . 1 . 5 . 5 7 . . 1 . . 3 3 . . 1 . 3 1 . . . . . . . 3 3 Energy Cannon 19 | . . . . . . . 2 . . . . 1 . . . 6 1 1 4 . . . 1 . . 2 1 . Ballistic Gun 19 | 2 1 . 7 1 . . . . 1 1 1 2 . . . 1 . 2 . . . . . . . . . . Ballistic Cannon 6 | . 1 . . . . . . . . . . . . . . 1 . 3 . . . . . . . . 1 . Launcher 11 | . 2 . 1 . 2 1 . . 1 . . . . . . 2 . . . . . . . . . 1 1 . Special Weapon 11 | . . . . . . . 1 1 . 1 1 1 . . . . . 1 2 1 . . . . . . 1 1 Impact Weapon 1 | . . . 1 . . . . . . . . . . . . . . . . . . . . . . . . . Slashing Weapon 1 | . . . . . . 1 . . . . . . . . . . . . . . . . . . . . . . Piercing Weapon . | . . . . . . . . . . . . . . . . . . . . . . . . . . . . . Special Melee Weapon 1 | . . . . . 1 . . . . . . . . . . . . . . . . . . . . . . . Unidentified Prototypes 21 | . . . 4 . 1 . . . 3 . 1 . 1 . . . . 4 2 . 1 . . . . 1 3 . Corrupted Parts 7 | . . . . . . 5 . . . . . . . 1 . 1 . . . . . . . . . . . . System Corruption 28 | . . . . . . 20 . . . . . . . 5 . 3 . . . . . . . . . . . . Parts Lost 41 | . . 2 3 . 2 3 . . . . . 8 . . . 4 . 5 1 . . . . . . 4 . 9 Power 6 | . . 1 . . 1 . . . . . . 2 . . . . . . . . . . . . . 1 . 1 Propulsion 7 | . . . 3 . . . . . . . . 1 . . . . . . . . . . . . . . . 3 Utility 19 | . . . . . . 1 . . . . . 3 . . . 3 . 5 1 . . . . . . 2 . 4 Weapon 9 | . . 1 . . 1 2 . . . . . 2 . . . 1 . . . . . . . . . 1 . 1 Highest Loss Streak 9 | . . 2 1 . 1 1 . . . . . 4 . . . 1 . 1 1 . . . . . . 2 . 9 To Critical Strikes . | . . . . . . . . . . . . . . . . . . . . . . . . . . . . . Average Backups 22 | 5 14 21 24 25 23 23 24 21 20 21 21 21 22 21 18 18 19 21 23 22 19 23 23 25 25 23 21 22 Power 1 | . 1 1 1 1 1 1 1 1 1 1 1 . 1 1 1 1 1 1 2 2 2 1 1 1 1 . . 1 Propulsion 4 | 3 4 4 5 7 7 6 4 2 2 3 3 3 2 2 3 2 2 2 3 1 1 2 2 4 4 3 3 5 Utility 9 | . 4 8 8 8 6 7 11 10 8 8 9 10 12 11 7 7 8 10 10 10 7 10 12 12 12 12 11 9 Weapon 6 | . 4 7 8 9 7 6 6 6 7 7 6 5 4 5 5 5 7 6 6 6 7 7 6 6 6 6 5 5 Tool/Special . | . . . . . . . . . . . . . . . . . . . . . . . . . . . . . Unused Backups 128 | . 1 1 19 1 16 14 1 5 3 1 1 9 3 5 . . 1 11 1 4 . 7 . 1 . 10 4 9 Power 12 | . . . 1 . 1 1 1 1 . . . 1 . 1 . . . 1 . 1 . 1 . . . 1 . 1 Propulsion 27 | . 1 1 4 . 5 2 . 2 . . . 2 1 1 . . . . . . . 1 . 1 . 4 . 2 Utility 68 | . . . 11 1 5 8 . 2 3 1 1 5 2 3 . . . 7 1 3 . 3 . . . 3 4 5 Weapon 20 | . . . 3 . 5 3 . . . . . 1 . . . . 1 2 . . . 2 . . . 2 . 1 Tool/Special 1 | . . . . . . . . . . . . . . . . . . 1 . . . . . . . . . . Average Slot Usage (%) 92 | . 100 97 99 100 99 97 98 99 92 91 91 90 85 71 83 77 81 84 86 80 88 97 92 89 87 95 96 83 Engine 4 | . 14 11 11 11 9 9 7 4 . . . . 6 5 . . . . . . . . . . . . . . Reactor 4 | . . . . . . . . 1 7 7 7 4 . . 6 5 6 6 5 5 5 7 10 10 10 13 12 11 Treads 14 | . 15 14 28 33 26 22 7 7 7 7 4 . 5 11 13 13 13 13 11 13 17 12 13 21 21 7 5 15 Leg 1 | . . . . . . . . . . . . . . . . . . . . . . . . . . 17 22 . Wheel 4 | . 12 13 4 . . 4 15 15 8 7 10 14 6 1 . . . . . . . 7 10 . . . . . Device 11 | . 14 13 6 . 14 9 3 6 5 . 7 14 19 9 24 13 15 20 14 5 16 16 10 10 9 14 13 15 Storage 7 | . 14 14 11 11 9 9 7 7 7 7 7 7 6 6 6 6 6 6 5 5 5 5 5 5 5 4 4 4 Processor 2 | . . . . . . . 5 . . . . . . . . . . . 5 6 7 5 5 5 5 5 14 11 Hackware 9 | . . . . . . . 19 30 30 27 19 14 6 8 6 9 13 12 16 13 11 11 15 15 12 12 8 12 Protection 5 | . . . 4 11 12 15 7 . . 9 10 6 13 6 5 5 5 4 1 2 3 5 5 5 5 3 1 . Energy Gun 5 | . . . 7 . 20 20 11 1 8 5 4 4 4 . . 3 . 2 1 4 . . . . . 1 5 1 Energy Cannon 4 | . . . . . . . 5 13 7 . 1 3 4 6 6 9 13 7 7 7 10 9 4 8 7 5 5 8 Ballistic Gun 8 | . 25 14 25 32 6 2 . . 1 11 11 12 10 11 13 1 . . 1 2 . 3 5 5 5 2 . . Ballistic Cannon 1 | . 1 13 . . . . . . . . . . . . . . . 6 2 . . 1 . . . . . . Special Weapon 1 | . . . . . . . 4 6 3 4 3 1 . 1 . 2 6 1 3 . 1 1 4 1 2 2 1 1 Peak Build Rating 180 | 7 10 12 23 23 45 48 52 55 60 59 59 58 70 90 80 85 80 101 109 113 115 113 126 125 125 153 174 180 Average Rating 69 | 5 8 9 20 22 38 42 48 51 56 58 57 53 66 80 79 79 78 80 102 108 105 104 114 124 122 145 164 177 On Entrance 72 | . 7 10 10 21 23 40 43 50 55 58 58 58 54 70 90 80 80 76 97 106 113 99 100 125 124 124 153 164 Naked Turns . | . . . . . . . . . . . . . . . . . . . . . . . . . . . . . Heaviest Build 183 | 14 92 91 104 104 118 131 128 121 123 135 137 133 127 162 128 145 134 129 155 183 161 162 151 151 152 183 178 179 Greatest Support 240 | 40 40 16 60 60 72 60 24 24 28 28 40 40 70 140 140 140 140 140 140 140 140 140 195 195 195 195 240 240 Greatest Overweight (x) 13 | 1 8 5 6 1 7 10 5 5 5 4 4 3 4 4 . 1 . . 1 1 1 13 6 . . 1 1 . Average Overweight (x) 2 | . 5 5 3 1 1 2 4 4 3 3 3 2 3 2 . . . . . . . 4 2 . . . . . Largest Inventory Capacity 25 | 8 25 25 25 25 25 25 25 25 25 25 25 25 25 25 25 25 25 25 25 25 25 25 25 25 25 25 25 25 Average Capacity 24 | 7 24 25 25 25 25 25 25 25 25 25 25 25 25 25 25 25 25 25 25 25 25 25 25 25 25 25 25 25 Most Carried 25 | 8 23 25 25 25 25 25 25 25 25 25 25 25 25 25 25 25 25 25 25 25 25 25 25 25 25 25 25 25 Average Carried 23 | 5 14 23 24 25 24 24 24 24 24 24 24 24 24 24 24 24 24 24 24 23 23 24 23 25 25 24 24 24 Final Capacity 25 | 8 25 25 25 25 25 25 25 25 25 25 25 25 25 25 25 25 25 25 25 25 25 25 25 25 25 25 25 25 Final Carried 25 | 8 22 25 25 25 25 25 25 25 25 25 25 25 25 25 25 25 25 24 25 22 25 25 25 25 25 24 25 17 Class Distribution -------------------- 27% | Bothacker-Tank 18% | Tank 13% | Botlord-Tank 11% | Mutant 8% | Bothacker-Gunner 4% | Botlord-Gunner 4% | Hacker-Gunner 3% | Gunner Dominant Class ---------------- Mutant | -10/Materials Mutant | -10/Mines Gunner | -9/Materials Tank | -9/Mines Tank | -8/Materials Tank | -8/Garrison Bothacker-Tank | -7/Factory Bothacker-Gunner | -7/Waste Bothacker-Gunner | -7/Factory Bothacker-Tank | -7/Garrison Bothacker-Tank | -7/Factory Bothacker-Tank | -7/Garrison Bothacker-Tank | -6/Factory Bothacker-Tank | -6/Waste Bothacker-Tank | -6/Factory Bothacker-Tank | -6/Garrison Bothacker-Tank | -6/Factory Botlord-Tank | -6/Garrison Botlord-Tank | -5/Factory Tank | -5/Waste Scavenger-Gunner | -5/Factory Botlord-Gunner | -5/Garrison Botlord-Tank | -4/Factory Botlord-Tank | -4/Upper Caves Botlord-Tank | -4/Upper Caves Botlord-Tank | -3/Research Hacker-Gunner | -2/Research Hacker-Gunner | -1/Access Resources | -11 -10 -10 -9 -9 -8 -8 -7 -7 -7 -7 -7 -7 -6 -6 -6 -6 -6 -6 -5 -5 -5 -5 -4 -4 -4 -3 -2 -1 ----------- Run | Yrd Mat Min Mat Min Mat Gar Fac Was Fac Gar Fac Gar Fac Was Fac Gar Fac Gar Fac Was Fac Gar Fac Upp Upp Res Res Acc Matter Collected 16947 | 299 554 315 1316 129 1194 642 266 289 438 272 349 1450 144 520 . 1395 168 1428 1075 401 392 704 212 127 119 1049 1277 423 Remotely . | . . . . . . . . . . . . . . . . . . . . . . . . . . . . . Salvage Created 22123 | 118 559 182 1772 112 2084 1793 168 588 404 . 269 1474 371 1075 . 2503 . 983 881 511 394 772 39 215 74 1649 1902 1231 Parts 973 | 12 38 9 92 5 115 80 14 10 15 . 17 59 16 17 . 87 . 43 51 10 33 36 . 1 1 80 89 43 Haulers Intercepted 15 | . 2 . 6 . 6 . . . . . . . 1 . . . . . . . . . . . . . . . Recyclers Shooed 13 | . 1 . 1 . . . 1 . 1 . . . 1 . . . . . . . . . . . . 3 4 1 Parts Field Recycled . | . . . . . . . . . . . . . . . . . . . . . . . . . . . . . Retrieved Matter . | . . . . . . . . . . . . . . . . . . . . . . . . . . . . . Parts Self-Destructed 9 | . . . . . . . . . . . . . . . . . . . . . . . . . 9 . . . Prevented . | . . . . . . . . . . . . . . . . . . . . . . . . . . . . . Kills | -11 -10 -10 -9 -9 -8 -8 -7 -7 -7 -7 -7 -7 -6 -6 -6 -6 -6 -6 -5 -5 -5 -5 -4 -4 -4 -3 -2 -1 ------- Run | Yrd Mat Min Mat Min Mat Gar Fac Was Fac Gar Fac Gar Fac Was Fac Gar Fac Gar Fac Was Fac Gar Fac Upp Upp Res Res Acc Combat Hostiles Destroyed 306 | . 9 4 34 3 34 25 1 4 7 . 5 29 8 4 . 39 . 19 19 2 3 9 . . 1 17 18 12 Melee 4 | . . . . . 1 3 . . . . . . . . . . . . . . . . . . . . . . Guns 105 | . 6 1 26 3 20 7 . 1 . . 5 14 7 2 . 3 . 1 3 1 . . . . 1 2 2 . Cannons 74 | . . 1 . . . . 1 3 3 . . 2 1 1 . 8 . 12 10 1 1 4 . . . 12 11 3 AOE 81 | . 3 2 8 . 8 13 . . 2 . . 11 . . . 22 . 2 4 . 1 5 . . . . . . Classes Destroyed 22 | 3 5 . 2 . 5 2 . 1 . . . . . . . 2 . 1 . . . 1 . . . . . . Worker 21 | 1 . 2 5 . 3 . 1 . . . 2 . . . . . . . 1 . 2 . . . . 1 2 1 Builder 13 | . . . . . 2 . . . 1 . . . . . . . . . 2 . 3 . . . . 2 3 . Tunneler 6 | 3 1 1 . . . . . . . . 1 . . . . . . . . . . . . . . . . . Hauler 15 | . 2 . 6 . 6 . . . . . . . 1 . . . . . . . . . . . . . . . Recycler 13 | 1 2 . . . 1 . 1 . 1 . . . . . . . . . . . . . . . . 3 3 1 Mechanic 1 | . 1 . . . . . . . . . . . . . . . . . . . . . . . . . . . Operator 3 | . . . 1 . 2 . . . . . . . . . . . . . . . . . . . . . . . Watcher 18 | . 3 . 5 . 3 . 1 . . . . . . . . 2 . 1 . . . . 1 . . . 2 . Swarmer 74 | . 3 . 7 . 10 4 . 1 3 . . 8 7 . . 16 . . 8 . . 3 . . . 3 1 . Cutter 4 | . . . . . . 2 . . . . . . . . . . . 2 . . . . . . . . . . Saboteur 2 | . . . . . . . . . . . . . . . . . . . . . . 2 . . . . . . Grunt 95 | . 6 4 18 3 12 9 . . 1 . 1 9 1 . . 10 . 8 . . 1 . . . . 5 3 4 Brawler 9 | . . . . . 1 2 . . 1 . . 2 . . . . . . . . . 1 . . 1 . 1 . Duelist 8 | . . . . . 2 . . 1 . . . 1 . . . 4 . . . . . . . . . . . . Sentry 38 | . . . 9 . 7 3 . . 1 . 1 5 . . . 2 . 1 . . 1 2 . . . 1 3 2 Specialist 8 | . . . . . . . . . . . . . . . . 1 . . 4 . . . . . . 3 . . Hunter 18 | . . . . . 1 2 . . . . . 1 . . . 5 . 2 . . 2 1 . . . . . 4 Programmer 41 | . . . . . . 3 1 . 1 . 3 3 1 . . . . 5 6 . . . . . . 6 10 2 Heavy 2 | . . . . . 1 . . . . . . . . . . . . . 1 . . . . . . . . . Behemoth 3 | . . . . . . . . . . . . . . . . 3 . . . . . . . . . . . . Compactor 8 | . . . . . . . . 2 . . . . . 4 . . . . . 2 . . . . . . . . Executioner 1 | . . . . . . . . . . . . . . . . . . 1 . . . . . . . . . . Packrat 3 | . . . . . . . . . . . . . . . . . . . . . . . . 3 . . . . Best Kill Streak 8 | 3 6 3 7 3 7 5 1 2 4 . 3 4 4 1 . 8 . 4 7 1 6 5 1 . 1 4 7 4 Combat Bots Only 8 | . 3 2 7 3 5 5 1 2 3 . 3 4 4 1 . 8 . 4 6 1 2 5 . . 1 3 4 3 Max Kills in Single Turn 4 | 1 3 2 4 1 3 3 1 1 3 . 1 4 2 1 . 3 . 1 3 1 2 2 1 1 1 2 2 1 Gunslinging 1 | . . . 1 . 1 . . . . . . . 1 . . . . . . . . . . . . . . . Exploded 4 | . 3 1 3 . 2 3 . . 2 . . 4 . . . 3 . 1 2 . 1 2 . . . . . . Melee 1 | . . . . . 1 1 . . . . . . . . . . . . . . . . . . . . . . Uniques/NPCs Destroyed . | . . . . . . . . . . . . . . . . . . . . . . . . . . . . . Combat | -11 -10 -10 -9 -9 -8 -8 -7 -7 -7 -7 -7 -7 -6 -6 -6 -6 -6 -6 -5 -5 -5 -5 -4 -4 -4 -3 -2 -1 -------- Run | Yrd Mat Min Mat Min Mat Gar Fac Was Fac Gar Fac Gar Fac Was Fac Gar Fac Gar Fac Was Fac Gar Fac Upp Upp Res Res Acc Hostile Shots Fired 1871 | . 37 28 137 6 129 145 37 10 64 . 25 250 29 . . 141 3 138 75 . 45 21 9 . 6 146 87 303 Missed 566 | . 11 8 27 1 40 40 11 2 26 . 11 85 5 . . 43 2 42 22 . 14 5 6 . 4 46 32 83 Hits 1305 | . 26 20 110 5 89 105 26 8 38 . 14 165 24 . . 98 1 96 53 . 31 16 3 . 2 100 55 220 Melee 30 | . . . . . 5 2 6 4 . . . 4 . . . 5 . 3 . . . . . . . 1 . . Projectile 1275 | . 26 20 110 5 84 103 20 4 38 . 14 161 24 . . 93 1 93 53 . 31 16 3 . 2 99 55 220 AOE 5 | . . . . . . 1 . . . . . . . . . . . 2 . . . . . . . 2 . . Critical Strikes 50 | . . 1 3 . 6 6 3 . . . 1 4 . . . 3 . 4 1 . 2 1 . . . 2 8 5 Part Disruptions 6 | . . . . . . 2 . . . . . 1 . . . . . . 1 . . . . . . . 2 . Damage Taken 19559 | . 326 257 1396 69 1380 1366 429 223 396 . 154 1879 453 . . 1912 28 1512 900 . 648 379 205 . 37 1664 790 3156 Core 2083 | . 107 12 199 10 130 101 51 33 54 . 14 268 72 . . 155 . 33 147 . 100 24 . . . 191 46 336 Absorbed by Shields 2943 | . . . . . . 243 . . . . . . 52 . . 59 . . . . . . . . . 915 551 1123 Reduced by Siege Mode 230 | . . . . . . . . . . . . . 4 . . 85 . 71 . . . . . . . . 19 51 Ignored by Resistances 421 | . . . . . 147 107 . . . . 14 145 . . . 8 . . . . . . . . . . . . Regen/Repaired (Parts) 1323 | . . . 67 . . . . . . . . . . . . 696 . 371 . . . . . . . 48 141 . Core Remaining (%) 72 | 100 . 52 . 47 . 58 . . . . . 40 . . . . . 69 . . . 72 . . 100 85 96 79 Volleys Fired 1805 | 15 76 21 101 12 85 82 37 44 39 36 29 158 33 38 . 150 25 154 118 55 39 97 13 7 11 118 103 109 Largest 3 | 2 2 2 3 3 3 3 3 3 3 1 3 3 3 3 . 3 1 3 3 3 3 3 3 3 3 3 3 1 Hottest 339 | 40 60 50 168 69 165 180 210 210 208 60 146 152 151 151 . 240 90 235 234 274 293 218 218 218 218 320 339 113 Shots Fired 2980 | 28 143 37 286 27 243 132 44 72 64 36 49 294 58 84 . 207 26 231 168 86 47 123 18 16 16 189 147 109 Gun 1489 | 28 127 17 273 23 240 105 4 8 23 15 29 212 36 56 . 47 . 54 21 46 . 17 4 4 2 53 41 4 Cannon 1067 | . 15 17 7 . . . 18 56 24 . 11 45 20 22 . 99 9 134 98 34 34 90 5 12 7 115 96 99 Launcher 112 | . 1 3 6 4 3 27 . . 1 . . 12 . . . 30 . 7 3 . 4 3 2 . . 4 . 2 Special 312 | . . . . . . . 22 8 16 21 9 25 2 6 . 31 17 36 46 6 9 13 7 . 7 17 10 4 Kinetic 929 | 28 138 34 206 23 67 9 . . 6 2 21 127 15 56 . 26 . 61 41 9 . 20 4 4 2 30 . . Thermal 884 | . . . 65 . . . 18 56 24 . 17 22 20 22 . 13 9 34 77 71 34 87 4 12 7 130 104 58 Explosive 41 | . 1 3 6 4 3 1 . . 1 . . 11 . . . 9 . . . . . . . . . . . 2 Electromagnetic 814 | . 4 . 9 . 173 122 4 8 17 13 2 109 21 . . 128 . 100 4 . 4 3 3 . . 12 33 45 Robot Hit Streak 27 | 9 15 18 24 7 20 9 10 8 15 12 10 16 5 14 . 21 10 12 12 27 10 14 12 14 14 19 19 21 Robot Miss Streak 7 | 2 7 4 3 3 3 2 2 4 4 2 1 3 2 3 . 5 2 3 2 1 2 3 5 1 . 2 2 3 Penetration Max 2 | . . . . . . . . . . . . . 1 . . . . . 2 1 . 1 . . . 1 . . Secondary Targets 14 | . 1 . 5 . 5 1 . . . . . 1 1 . . . . . . . . . . . . . . . Max Gunslinging Chain 1 | . 1 . 1 . 1 1 . . . . . 1 1 . . . . . . . . . . . . . . . Capacitor 102 | . . . . . . . . . . . . . . . . . . . . . . . . . . . . 102 Shots Hit Robots 1667 | 18 76 22 181 15 180 80 27 34 44 17 30 161 24 60 . 95 15 104 80 63 23 37 15 8 13 107 90 48 Core Hits 689 | 7 34 14 74 7 71 58 5 11 9 1 9 71 14 7 . 81 1 32 28 11 13 25 7 2 1 45 38 13 Critical Kills 13 | . . . . . . . . . . . . . . 1 . 1 . 2 3 . . 3 . . . 2 1 . Critical Parts Destroyed 8 | . . . 1 . . . . . . . 1 . . . . . . 2 . 1 . . . . . 3 . . Critical Strikes 51 | . . 1 9 . 4 6 . . 2 . 1 2 . 1 . 1 . 8 4 3 . 3 . . . 5 1 . Burn 9 | . . . 8 . . . . . . . . . . . . . . 1 . . . . . . . . . . Meltdown 5 | . . . . . . . . . . . . . . 1 . . . 1 2 . . . . . . . 1 . Destroy 18 | . . . 1 . . . . . . . 1 . . . . 1 . 3 1 3 . 3 . . . 5 . . Blast 4 | . . 1 . . . . . . . . . . . . . . . 2 1 . . . . . . . . . Corrupt 11 | . . . . . 4 2 . . 2 . . 2 . . . . . 1 . . . . . . . . . . Sever 4 | . . . . . . 4 . . . . . . . . . . . . . . . . . . . . . . Melee Attacks 35 | . . . 2 4 . 29 . . . . . . . . . . . . . . . . . . . . . . Impact 6 | . . . 2 4 . . . . . . . . . . . . . . . . . . . . . . . . Slashing 29 | . . . . . . 29 . . . . . . . . . . . . . . . . . . . . . . Piercing . | . . . . . . . . . . . . . . . . . . . . . . . . . . . . . Sneak Attacks 1 | . . . . . . 1 . . . . . . . . . . . . . . . . . . . . . . Combat Hostiles 1 | . . . . . . 1 . . . . . . . . . . . . . . . . . . . . . . Follow-up Attacks . | . . . . . . . . . . . . . . . . . . . . . . . . . . . . . Damage Inflicted 46370 | 190 1045 434 3396 232 4094 3429 325 1044 1007 26 541 3628 672 1583 . 5274 75 2914 2034 1706 891 827 467 264 198 3882 3825 2367 Guns 17640 | 190 728 89 2840 232 3484 998 50 77 383 26 437 2357 492 942 . 311 . 275 304 988 . 198 88 93 62 1001 876 119 Cannons 17448 | . 176 192 32 . . . 275 926 438 . 104 375 81 641 . 1484 75 2181 1397 718 555 470 177 171 136 2357 2650 1837 Explosions 10291 | . 141 153 480 . 598 1755 . 41 186 . . 896 99 . . 3479 . 458 332 . 336 159 202 . . 430 135 411 Melee 667 | . . . . . . 667 . . . . . . . . . . . . . . . . . . . . . . Ramming 324 | . . . 44 . 12 9 . . . . . . . . . . . . 1 . . . . . . 94 164 . Kinetic 11048 | 190 904 281 2056 232 837 66 . . 122 . 413 1577 297 942 . 329 . 918 765 193 . 258 88 93 62 425 . . Thermal 16519 | . . . 766 . 421 288 275 967 438 . 124 551 180 641 . 904 75 678 1045 1513 555 410 135 171 136 2840 2634 772 Explosive 3255 | . 141 153 433 . 177 128 . . 186 . . 581 . . . 970 . . . . . . . . . 75 . 411 Electromagnetic 14557 | . . . 97 . 2647 2271 50 77 261 26 4 919 195 . . 3071 . 1318 223 . 336 159 244 . . 448 1027 1184 Impact . | . . . . . . . . . . . . . . . . . . . . . . . . . . . . . Slashing 667 | . . . . . . 667 . . . . . . . . . . . . . . . . . . . . . . Piercing . | . . . . . . . . . . . . . . . . . . . . . . . . . . . . . Highest Corruption 35 | . 1 1 . . . 35 1 1 1 . . 5 1 14 14 18 18 22 4 12 13 14 . . . 17 8 10 Average Corruption 10 | . 1 1 . . . 18 1 1 1 . . 3 1 11 14 16 18 20 2 8 12 13 . . . 7 5 5 Corruption Purged 1 | . . . . . . . . . 1 . . . . . . . . . . . . . . . . . . . Corruption Blocked 20 | . . . . . . . . . . . . . . . . . . . . 20 . . . . . . . . Effects 536 | . 2 7 . . . 63 3 7 3 . . 28 1 16 5 107 12 90 9 30 35 66 . . . 26 16 10 Message Errors 128 | . . . . . . 12 1 1 1 . . 6 . 2 2 27 4 21 2 8 12 19 . . . 6 3 1 Matter Fused 117 | . . 2 . . . 18 1 1 . . . 10 . 6 1 21 3 21 1 4 7 9 . . . 5 5 2 Heat Flow Errors 63 | . 1 2 . . . 8 1 2 . . . 3 . 1 . 11 1 7 1 2 8 9 . . . . 2 4 Energy Discharges 80 | . . 1 . . . 10 . 2 . . . 5 1 3 . 20 2 8 4 5 . 11 . . . 3 2 3 Parts Rejected 12 | . . . . . . 1 . . . . . . . . . 3 . 3 . 3 1 . . . . 1 . . Parts Fused 5 | . . . . . . . . . . . . . . . . 2 1 . . . . 1 . . . 1 . . Data Loss (minor) 50 | . 1 1 . . . 4 . 1 . . . 2 . 1 2 6 . 12 . 2 1 9 . . . 6 2 . Data Loss (major) 18 | . . . . . . 1 . . 1 . . 1 . 1 . 3 . 3 . 3 1 3 . . . 1 . . Misfires 20 | . . . . . . 3 . . 1 . . . . 1 . 4 1 5 . 1 2 1 . . . 1 . . Alerts 17 | . . . . . . 4 . . . . . 1 . . . 7 . 1 1 1 . 1 . . . 1 . . Misdirections 4 | . . . . . . . . . . . . . . . . . . 2 . 1 1 . . . . . . . Weapon Failures 22 | . . 1 . . . 2 . . . . . . . 1 . 3 . 7 . . 2 3 . . . 1 2 . Overload Shots . | . . . . . . . . . . . . . . . . . . . . . . . . . . . . . Overflow Damage 1214 | . . . 44 . 10 147 17 . 44 . 5 . . . . 100 7 98 160 . 4 . 27 74 . 237 121 119 Projectiles 792 | . . . . . . . 17 . 44 . 5 . . . . . 7 98 136 . 4 . 27 74 . 173 88 119 Explosions 228 | . . . 44 . 10 50 . . . . . . . . . 100 . . 24 . . . . . . . . . Melee 194 | . . . . . . 97 . . . . . . . . . . . . . . . . . . . 64 33 . Knockbacks 28 | . 3 5 . . 1 . . . . . . . . . . 1 . 10 5 . . . . . . 1 2 . Impact 4 | . . . . . 1 . . . . . . . . . . . . . . . . . . . . 1 2 . Kinetic 23 | . 3 4 . . . . . . . . . . . . . 1 . 10 5 . . . . . . . . . Secondary 1 | . . 1 . . . . . . . . . . . . . . . . . . . . . . . . . . Self-Inflicted Damage 1092 | . . . 45 . 103 138 . 27 . . . 132 . . . 294 . 25 84 . 10 66 . . . 127 41 . Shots 51 | . . . 1 . 4 8 . 1 . . . 5 . . . 11 . 2 1 . 1 6 . . . 10 1 . Rammed 8 | . . . 4 . 1 2 . . . . . . . . . . . . 1 . . . . . . . . . Targets Rammed 15 | . . . 4 . 2 2 . . . . . . . . . . . . 1 . . . . . . 1 5 . Kicked 6 | . . . . . . . . . . . . . . . . . . . . . . . . . . 1 5 . Crushed 1 | . . . . . 1 . . . . . . . . . . . . . . . . . . . . . . . Highest Temperature 498 | . 228 205 246 83 215 384 180 223 353 48 207 328 . 476 . 294 218 205 260 498 250 225 102 270 270 257 294 419 Average Temperature 81 | . 46 83 49 35 27 106 71 86 94 15 80 77 . 146 . 89 120 95 61 92 64 78 41 97 127 78 87 100 Received Heat Transfer 2908 | . 180 162 510 42 405 198 48 . 60 . 12 354 . . . 225 . 303 36 . 81 54 18 . 9 163 24 24 Effects 17 | . . . 1 . . . . . . . . 1 . 6 . 1 . 2 . 2 . . . 1 . . . 3 Shutdowns 3 | . . . . . . . . . . . . . . . . . . . . 1 . . . . . . . 2 Energy Bleed 4 | . . . 1 . . . . . . . . . . . . 1 . . . 1 . . . 1 . . . . Interference 6 | . . . . . . . . . . . . 1 . 3 . . . 2 . . . . . . . . . . Short Circuit 2 | . . . . . . . . . . . . . . 1 . . . . . . . . . . . . . 1 Damage (major) 2 | . . . . . . . . . . . . . . 2 . . . . . . . . . . . . . . Siege Activations 16 | . . . . . . . . . . . . . 2 . . 7 . 3 . . . . . . . . 1 3 Total Turns 220 | . . . . . . . . . . . . . 10 . . 100 . 69 . . . . . . . . 10 31 Longest Duration 45 | . . . . . . . . . . . . . 9 . . 45 . 32 . . . . . . . . 10 17 Martial Activations . | . . . . . . . . . . . . . . . . . . . . . . . . . . . . . Shielding Activations . | . . . . . . . . . . . . . . . . . . . . . . . . . . . . . Robots Disrupted 2 | . . . . . . . . . . . . . . . . . . . 1 . . . . . . . 1 . Combat Hostiles 2 | . . . . . . . . . . . . . . . . . . . 1 . . . . . . . 1 . Robots Corrupted 47 | . . . . . 5 6 . . 2 . . 3 . . . 10 . 3 . . 1 . . . . 3 6 8 Combat Hostiles 36 | . . . . . 5 2 . . 2 . . 2 . . . 6 . 3 . . 1 . . . . 2 5 8 Parts Fried 108 | . . . . . 27 13 . . 2 . . 2 . . . 27 . 10 1 . 5 . . . . 3 9 9 Impact Corruptions 5 | . . . . . . . . . . . . . . . . . . . . . . . . . . 2 3 . Robots Melted 7 | . . . . . . . . . . . . . . 1 . . . 1 2 . . . . . . 1 1 1 Combat Hostiles 6 | . . . . . . . . . . . . . . 1 . . . 1 2 . . . . . . 1 . 1 Parts Melted 55 | . . . 14 . . . . . . . 2 3 . 4 . 2 . 1 6 . . 2 . . . 7 13 1 Heat Transferred 19394 | . . . 2196 . 400 322 400 1550 650 . 187 709 200 1000 . 1000 100 945 1075 1813 592 444 148 185 148 2455 2283 592 Parts Sabotaged . | . . . . . . . . . . . . . . . . . . . . . . . . . . . . . Parts Stolen . | . . . . . . . . . . . . . . . . . . . . . . . . . . . . . Parts Stripped . | . . . . . . . . . . . . . . . . . . . . . . . . . . . . . Power Chain Reactions 28 | . . . 1 . 7 4 . 1 . . . 4 1 . . 5 . 1 1 . 1 . . . . 1 1 . Alert | -11 -10 -10 -9 -9 -8 -8 -7 -7 -7 -7 -7 -7 -6 -6 -6 -6 -6 -6 -5 -5 -5 -5 -4 -4 -4 -3 -2 -1 ------- Run | Yrd Mat Min Mat Min Mat Gar Fac Was Fac Gar Fac Gar Fac Was Fac Gar Fac Gar Fac Was Fac Gar Fac Upp Upp Res Res Acc Maximum Alert Level 5 | . . . 2 . 1 4 2 . . 2 1 4 3 1 . 5 3 5 3 . . 4 3 . . 1 1 1 Low Security (%) 43 | 100 100 100 27 100 43 . . 100 100 4 86 10 . 90 100 7 . . . 100 100 3 . . . 92 84 71 Level 1 21 | . . . 67 . 56 8 29 . . 64 13 19 . 9 . 11 62 5 29 . . 28 . . . 7 15 28 Level 2 10 | . . . 4 . . 19 70 . . 30 . 16 35 . . 8 34 24 15 . . 23 . . . . . . Level 3 14 | . . . . . . 64 . . . . . 28 64 . . 22 3 21 54 . . 17 100 . . . . . Level 4 8 | . . . . . . 8 . . . . . 25 . . . 43 . 45 . . . 27 . . . . . . Level 5 . | . . . . . . . . . . . . . . . . 6 . 1 . . . . . . . . . . High Security . | . . . . . . . . . . . . . . . . . . . . . . . . . . . . . Max Security . | . . . . . . . . . . . . . . . . . . . . . . . . . . . . . Peak Influence 1647 | 10 118 83 414 146 399 1166 611 161 117 517 270 1442 815 219 2 1647 864 1626 1010 147 138 1571 874 . . 252 292 290 Initial 864 | . . 16 . 146 . 230 611 105 . 52 270 7 756 219 2 . 864 243 853 141 . 68 824 . . 14 139 139 Average 391 | . 28 10 243 25 186 766 451 35 33 343 82 743 720 106 . 993 400 1036 633 32 39 757 807 . . 67 104 168 Influence Increases 16366 | 25 357 143 1135 87 1100 1026 143 75 530 465 213 1662 212 2 . 1787 214 1713 1212 28 324 1543 140 . 107 837 739 547 Destroy 0b10 Robot/C 7080 | . 180 80 680 60 680 540 60 40 220 . 120 680 160 . . 860 100 580 500 . 140 240 60 . 80 420 360 240 Destroy 0b10 Robot/NC 560 | 25 45 15 85 . 85 30 15 . 25 . 15 10 5 . . 30 . 5 25 . 35 15 5 . . 30 50 10 Destroy Leader 1288 | . 50 20 212 10 208 30 22 . 44 . 50 50 32 . . 80 20 40 102 . 42 10 22 . . 90 94 60 Allied During Kill 688 | . . . . . . 12 17 12 23 . 9 27 . . . 56 77 124 141 . 27 41 46 . 27 49 . . Successful Hack 257 | . 5 . 18 . 4 21 6 . 41 . 11 . . . . . . 12 . . . 14 7 . . 21 52 45 Disable Machine 750 | . 15 15 15 . 60 . 15 . 105 . . 15 . . . 30 . 30 150 . 15 60 . . . 105 30 90 Anti-Garrison Action 3600 | . . . . . . 300 . . . 450 . 500 . . . 550 . 750 . . . 1050 . . . . . . Destroy Structure 1648 | . 2 13 65 17 48 93 8 23 42 15 8 200 15 2 . 121 17 157 264 28 50 113 . . . 122 123 102 Lose Combat Pursuer 495 | . 60 . 60 . 15 . . . 30 . . 180 . . . 60 . 15 30 . 15 . . . . . 30 . Influence Decreases 16184 | 25 313 187 759 463 746 214 1009 375 455 23 719 231 1028 625 3 140 1513 435 2435 431 226 70 897 572 327 611 754 598 Entered New Map 5760 | . . 28 . 230 . 124 555 195 . 23 247 4 686 407 1 . 783 105 773 262 . 30 747 302 47 8 109 94 Time Decay 6787 | 25 313 139 584 233 576 . 434 100 406 . 390 . 342 198 2 . 160 . 612 169 196 . 150 270 160 439 485 404 Lost Part 395 | . . 20 25 . 20 30 . . . . . 80 . . . 40 . 50 10 . . . . . . 30 . 90 Lost Ally 1442 | . . . . . . 60 20 80 49 . 82 147 . 20 . 100 20 280 240 . 30 40 . . 120 134 10 10 Purge Threat 1800 | . . . 150 . 150 . . . . . . . . . . . 550 . 800 . . . . . . . 150 . Squads Dispatched 62 | . 1 . 4 . 9 . 3 . 6 . 3 . 3 . . . 1 . 11 . 6 . 3 . . 6 3 3 Investigation 6 | . . . 2 . 1 . 1 . . . . . . . . . . . 1 . . . . . . . . 1 Extermination 23 | . . . . . . . 2 . 3 . 2 . 2 . . . . . 4 . 1 . 1 . . 3 3 2 Reinforcement 26 | . 1 . 2 . 3 . . . 3 . 1 . . . . . 1 . 6 . 4 . 2 . . 3 . . Assault 1 | . . . . . . . . . . . . . 1 . . . . . . . . . . . . . . . Garrison 6 | . . . . . 5 . . . . . . . . . . . . . . . 1 . . . . . . . Intercept . | . . . . . . . . . . . . . . . . . . . . . . . . . . . . . Searches Triggered . | . . . . . . . . . . . . . . . . . . . . . . . . . . . . . Construction Impeded 2 | . . . . . . . . . 1 . . . . . . . . . . . 1 . . . . . . . Haulers Reinforced 1 | . . . . . . . . . . . . . . . . . . . . . 1 . . . . . . . Active Scanning Responses . | . . . . . . . . . . . . . . . . . . . . . . . . . . . . . Cargo Convoy Interrupts 1 | . . . . . . . . . . . . . . . . . . . 1 . . . . . . . . . Stealth | -11 -10 -10 -9 -9 -8 -8 -7 -7 -7 -7 -7 -7 -6 -6 -6 -6 -6 -6 -5 -5 -5 -5 -4 -4 -4 -3 -2 -1 --------- Run | Yrd Mat Min Mat Min Mat Gar Fac Was Fac Gar Fac Gar Fac Was Fac Gar Fac Gar Fac Was Fac Gar Fac Upp Upp Res Res Acc Distress Signals 12 | . 1 . 6 . 2 . . . 1 . . . . . . 1 . . 1 . . . . . . . . . Communications Jammed 94 | . . . . . . . . . . . . . . . . . . . 1 . . . 43 . . 4 8 38 Distress Signals 89 | . . . . . . . . . . . . . . . . . . . 1 . . . 41 . . 1 8 38 Times Spotted 522 | . 19 4 49 4 46 26 14 7 18 . 8 50 8 5 . 50 5 42 40 6 15 14 4 . 9 31 28 20 Peak Tracking Total 8 | . 4 2 7 2 8 8 5 2 4 . 2 6 4 2 . 8 3 7 6 3 3 2 4 . 8 4 4 4 Tactical Retreats 24 | . 2 . 4 1 1 . . . 1 . . 8 . . . 3 . 1 1 . 1 . . . . . 1 . Traps | -11 -10 -10 -9 -9 -8 -8 -7 -7 -7 -7 -7 -7 -6 -6 -6 -6 -6 -6 -5 -5 -5 -5 -4 -4 -4 -3 -2 -1 ------- Run | Yrd Mat Min Mat Min Mat Gar Fac Was Fac Gar Fac Gar Fac Was Fac Gar Fac Gar Fac Was Fac Gar Fac Upp Upp Res Res Acc Traps Triggered 30 | . 1 . 1 . . 2 3 . . 1 1 4 2 . . 5 . 2 1 . . 4 . . . . 3 . Indirectly 3 | . . . . . . 1 . . . . . . . . . 1 . 1 . . . . . . . . . . Trap Hack Attempts . | . . . . . . . . . . . . . . . . . . . . . . . . . . . . . Triggered . | . . . . . . . . . . . . . . . . . . . . . . . . . . . . . Disarmed 2 | . . . 2 . . . . . . . . . . . . . . . . . . . . . . . . . Reprogrammed . | . . . . . . . . . . . . . . . . . . . . . . . . . . . . . Reused . | . . . . . . . . . . . . . . . . . . . . . . . . . . . . . Traps Extracted . | . . . . . . . . . . . . . . . . . . . . . . . . . . . . . Installed 2 | . . . 2 . . . . . . . . . . . . . . . . . . . . . . . . . Triggered . | . . . . . . . . . . . . . . . . . . . . . . . . . . . . . Most Traps Carried 3 | . . 3 3 . . . . . . . . . . . . . . . . . . . . . . . . . Machines | -11 -10 -10 -9 -9 -8 -8 -7 -7 -7 -7 -7 -7 -6 -6 -6 -6 -6 -6 -5 -5 -5 -5 -4 -4 -4 -3 -2 -1 ---------- Run | Yrd Mat Min Mat Min Mat Gar Fac Was Fac Gar Fac Gar Fac Was Fac Gar Fac Gar Fac Was Fac Gar Fac Upp Upp Res Res Acc Machines Disabled 85 | . 1 1 1 . 4 3 1 . 7 4 . 7 . . . 7 . 14 10 . 1 8 . . 1 7 2 6 Max in Single Turn 2 | . 1 1 1 . 1 1 1 . 1 1 . 2 . . . 1 . 1 2 . 1 1 . . 1 2 1 1 Garrison Access 5 | . . . . . . . 1 . . . . . 2 . . . . . . . . . . . . 1 . 1 Garrison Relay 25 | . . . . . . 2 . . . 4 . 4 . . . 3 . 8 . . . 4 . . . . . . Phase Generator 1 | . . . . . . . . . . . . 1 . . . . . . . . . . . . . . . . Machines Repaired . | . . . . . . . . . . . . . . . . . . . . . . . . . . . . . Machines Dismantled . | . . . . . . . . . . . . . . . . . . . . . . . . . . . . . Machines Sabotaged . | . . . . . . . . . . . . . . . . . . . . . . . . . . . . . Overloaded Fab Kills . | . . . . . . . . . . . . . . . . . . . . . . . . . . . . . Hacking | -11 -10 -10 -9 -9 -8 -8 -7 -7 -7 -7 -7 -7 -6 -6 -6 -6 -6 -6 -5 -5 -5 -5 -4 -4 -4 -3 -2 -1 --------- Run | Yrd Mat Min Mat Min Mat Gar Fac Was Fac Gar Fac Gar Fac Was Fac Gar Fac Gar Fac Was Fac Gar Fac Upp Upp Res Res Acc Machines Accessed 108 | . 8 . 12 . 9 2 7 . 12 2 8 3 5 . 2 1 2 3 6 . 2 2 2 . . 8 6 6 Terminals 86 | . 6 . 10 . 6 2 5 . 11 2 6 3 3 . 1 1 1 3 5 . . 2 2 . . 6 6 5 Fabricators 4 | . . . . . . . 1 . . . 1 . . . . . . . 1 . 1 . . . . . . . Repair Stations 4 | . 1 . 1 . 1 . . . . . . . . . . . . . . . . . . . . 1 . . Recycling Units 1 | . 1 . . . . . . . . . . . . . . . . . . . . . . . . . . . Scanalyzers 2 | . . . 1 . 1 . . . . . . . . . . . . . . . . . . . . . . . Garrison Access 11 | . . . . . 1 . 1 . 1 . 1 . 2 . 1 . 1 . . . 1 . . . . 1 . 1 Total Hacks 238 | . 18 . 37 . 22 4 11 . 24 3 15 8 11 . 3 2 2 7 11 . 2 4 4 . . 15 19 16 Successful 65 | . 5 . 9 . 6 2 3 . 6 . 4 . 5 . 2 . 1 1 2 . 2 1 2 . . 4 5 5 Failed 171 | . 12 . 27 . 16 2 8 . 18 3 11 8 6 . 1 2 1 6 9 . . 3 2 . . 11 14 11 Catastrophic 50 | . 4 . 7 . 3 . 3 . 6 2 2 4 2 . . . 1 3 5 . . 1 1 . . 3 2 1 Database Lockouts 2 | . 1 . 1 . . . . . . . . . . . . . . . . . . . . . . . . . Manual 111 | . 12 . 26 . 18 1 6 . 5 1 13 . 6 . 1 . 1 . 2 . . 1 2 . . 3 13 . Terminals 205 | . 14 . 30 . 18 4 9 . 23 3 13 8 9 . 2 2 1 7 10 . . 4 4 . . 11 19 14 Fabricators 4 | . . . . . . . 1 . . . 1 . . . . . . . 1 . 1 . . . . . . . Repair Stations 11 | . 2 . 5 . 2 . . . . . . . . . . . . . . . . . . . . 2 . . Recycling Units 2 | . 2 . . . . . . . . . . . . . . . . . . . . . . . . . . . Scanalyzers 3 | . . . 2 . 1 . . . . . . . . . . . . . . . . . . . . . . . Garrison Access 13 | . . . . . 1 . 1 . 1 . 1 . 2 . 1 . 1 . . . 1 . . . . 2 . 2 Terminal Hacks 42 | . 3 . 5 . 3 2 2 . 5 . 3 . 3 . 1 . . 1 2 . . 1 2 . . 1 5 3 Record 1 | . 1 . . . . . . . . . . . . . . . . . . . . . . . . . . . Part Schematic 1 | . . . . . . . . . 1 . . . . . . . . . . . . . . . . . . . Robot Analysis 7 | . 2 . 2 . 1 . . . . . . . 2 . . . . . . . . . . . . . . . Open Door 1 | . . . . . . 1 . . . . . . . . . . . . . . . . . . . . . . Open DSF 2 | . . . . . . . . . 1 . . . . . . . . . . . . . . . . 1 . . Branch Access Points 1 | . . . . . . . . . . . . . . . . . . . . . . . 1 . . . . . Emergency Access Points 2 | . . . . . . . . . . . . . . . . . . 1 . . . 1 . . . . . . Terminal Index 6 | . . . . . . . 1 . 2 . 1 . . . . . . . . . . . . . . . 1 1 Garrison Index 1 | . . . . . . . . . . . . . . . . . . . . . . . . . . . 1 . Alert Level 2 | . . . 1 . . . . . . . . . . . . . . . . . . . 1 . . . . . Unreport Threat 5 | . . . 1 . 1 . . . . . . . . . . . . . 2 . . . . . . . 1 . Locate Traps 4 | . . . . . . . 1 . . . . . 1 . 1 . . . . . . . . . . . 1 . Disarm Traps 1 | . . . 1 . . . . . . . . . . . . . . . . . . . . . . . . . Maintenance Status 4 | . . . . . . . . . 1 . 1 . . . . . . . . . . . . . . . 1 1 Garrison Status 1 | . . . . . . . . . . . 1 . . . . . . . . . . . . . . . . . Recall Reinforcements 1 | . . . . . 1 . . . . . . . . . . . . . . . . . . . . . . . Registered Prototypes 1 | . . . . . . . . . . . . . . . . . . . . . . . . . . . . 1 Garrison Registry 1 | . . . . . . 1 . . . . . . . . . . . . . . . . . . . . . . Fabricator Hacks 1 | . . . . . . . . . . . . . . . . . . . . . 1 . . . . . . . Network Status 1 | . . . . . . . . . . . . . . . . . . . . . 1 . . . . . . . Repair Station Hacks 6 | . 1 . 3 . 1 . . . . . . . . . . . . . . . . . . . . 1 . . Scan Component 5 | . 1 . 2 . 1 . . . . . . . . . . . . . . . . . . . . 1 . . Repair 1 | . . . 1 . . . . . . . . . . . . . . . . . . . . . . . . . Recycling Unit Hacks 1 | . 1 . . . . . . . . . . . . . . . . . . . . . . . . . . . Report Inventory 1 | . 1 . . . . . . . . . . . . . . . . . . . . . . . . . . . Scanalyzer 2 | . . . 1 . 1 . . . . . . . . . . . . . . . . . . . . . . . Insert Component 2 | . . . 1 . 1 . . . . . . . . . . . . . . . . . . . . . . . Garrison Access Hacks 13 | . . . . . 1 . 1 . 1 . 1 . 2 . 1 . 1 . . . 1 . . . . 2 . 2 Unlock Access 6 | . . . . . 1 . . . 1 . 1 . . . 1 . 1 . . . 1 . . . . . . . Seal Access 5 | . . . . . . . 1 . . . . . 2 . . . . . . . . . . . . 1 . 1 Coupler Status 2 | . . . . . . . . . . . . . . . . . . . . . . . . . . 1 . 1 Unauthorized Hacks . | . . . . . . . . . . . . . . . . . . . . . . . . . . . . . Terminals . | . . . . . . . . . . . . . . . . . . . . . . . . . . . . . Fabricators . | . . . . . . . . . . . . . . . . . . . . . . . . . . . . . Repair Stations . | . . . . . . . . . . . . . . . . . . . . . . . . . . . . . Recycling Units . | . . . . . . . . . . . . . . . . . . . . . . . . . . . . . Scanalyzers . | . . . . . . . . . . . . . . . . . . . . . . . . . . . . . Garrison Access . | . . . . . . . . . . . . . . . . . . . . . . . . . . . . . Data Cores Recovered . | . . . . . . . . . . . . . . . . . . . . . . . . . . . . . Used . | . . . . . . . . . . . . . . . . . . . . . . . . . . . . . Hacking Detections 98 | . 8 . 12 . 9 1 6 . 11 2 7 3 3 . 2 1 1 3 6 . 1 2 2 . . 7 6 5 Full Trace Events 13 | . . . 1 . 1 . 1 . . 1 . 3 . . . . . 3 1 . . 1 . . . . . 1 Feedback Events 1 | . . . . . . . . . . . . 1 . . . . . . . . . . . . . . . . Corruption 1 | . . . . . . . . . . . . 1 . . . . . . . . . . . . . . . . Feedback Blocked . | . . . . . . . . . . . . . . . . . . . . . . . . . . . . . Robot Schematics Acquired . | . . . . . . . . . . . . . . . . . . . . . . . . . . . . . Robots Built . | . . . . . . . . . . . . . . . . . . . . . . . . . . . . . Authchips . | . . . . . . . . . . . . . . . . . . . . . . . . . . . . . Time . | . . . . . . . . . . . . . . . . . . . . . . . . . . . . . Total Robot Build Rating . | . . . . . . . . . . . . . . . . . . . . . . . . . . . . . Part Schematics Acquired 1 | . . . . . . . . . 1 . . . . . . . . . . . . . . . . . . . Parts Built . | . . . . . . . . . . . . . . . . . . . . . . . . . . . . . Authchips . | . . . . . . . . . . . . . . . . . . . . . . . . . . . . . Time . | . . . . . . . . . . . . . . . . . . . . . . . . . . . . . Total Part Build Rating . | . . . . . . . . . . . . . . . . . . . . . . . . . . . . . Parts Repaired 1 | . . . 1 . . . . . . . . . . . . . . . . . . . . . . . . . Time 26 | . . . 26 . . . . . . . . . . . . . . . . . . . . . . . . . Parts Recycled . | . . . . . . . . . . . . . . . . . . . . . . . . . . . . . Recycled Matter . | . . . . . . . . . . . . . . . . . . . . . . . . . . . . . Retrieved Matter . | . . . . . . . . . . . . . . . . . . . . . . . . . . . . . Retrieved Components . | . . . . . . . . . . . . . . . . . . . . . . . . . . . . . Parts Scanalyzed 1 | . . . 1 . . . . . . . . . . . . . . . . . . . . . . . . . Part Schematics Acquired . | . . . . . . . . . . . . . . . . . . . . . . . . . . . . . Parts Damaged 1 | . . . 1 . . . . . . . . . . . . . . . . . . . . . . . . . Bothacking | -11 -10 -10 -9 -9 -8 -8 -7 -7 -7 -7 -7 -7 -6 -6 -6 -6 -6 -6 -5 -5 -5 -5 -4 -4 -4 -3 -2 -1 ------------ Run | Yrd Mat Min Mat Min Mat Gar Fac Was Fac Gar Fac Gar Fac Was Fac Gar Fac Gar Fac Was Fac Gar Fac Upp Upp Res Res Acc Used RIF Installer 6 | . . . . . . 1 . . . 1 . 1 . . . 1 . 1 . . . 1 . . . . . . Watcher Feeds 1 | . . . . . . . . . . 1 . . . . . . . . . . . . . . . . . . Patrol Navigation 1 | . . . . . . . . . . . . . . . . . . 1 . . . . . . . . . . Structural Interface 1 | . . . . . . . . . . . . . . . . . . . . . . 1 . . . . . . Program Shield 1 | . . . . . . . . . . . . . . . . 1 . . . . . . . . . . . . Autooverride 1 | . . . . . . . . . . . . 1 . . . . . . . . . . . . . . . . Robots Hacked 147 | . . . . . . . 13 6 8 1 4 13 2 6 . 10 4 21 21 6 6 2 3 . 5 9 5 2 Non-combat 45 | . . . . . . . 5 . 3 1 2 . 1 . . 1 1 . 14 . 4 . 3 . . 3 5 2 Combat 102 | . . . . . . . 8 6 5 . 2 13 1 6 . 9 3 21 7 6 2 2 . . 5 6 . . Autooverrided 9 | . . . . . . . . . . . . . 1 . . 2 . 5 . . . . . . . 1 . . Robot Hacks Applied 165 | . . . . . . . 14 7 9 1 4 15 1 6 . 8 10 20 27 6 6 2 4 . 5 12 6 2 parse_system 12 | . . . . . . . 2 1 1 . . . . . . 1 1 3 3 . . . . . . . . . find_chute 4 | . . . . . . . 1 . . . . . 1 . . . . . 2 . . . . . . . . . ignore_repairs 7 | . . . . . . . 1 . 1 . . . . . . . . . 3 . 2 . . . . . . . drop_inventory 5 | . . . . . . . . . . . . . . . . . . . 2 . . . 1 . . . 2 . find_recycling 2 | . . . . . . . 2 . . . . . . . . . . . . . . . . . . . . . ignore_parts 1 | . . . . . . . . . . . . . . . . . . . 1 . . . . . . . . . find_station 2 | . . . . . . . . . . . . . . . . . . . . . . . . . . 2 . . purge_threat 11 | . . . . . . . . . . . . . . . . . 6 . 5 . . . . . . . . . map_route 9 | . . . . . . . 1 . 1 . . . . . . . . . 2 . 1 . 1 . . . 2 1 ignore_targets 18 | . . . . . . . . 6 . . . . . 6 . . . . . 6 . . . . . . . . find_garrison 1 | . . . . . . . . . 1 . . . . . . . . . . . . . . . . . . . focus_fire 1 | . . . . . . . . . . . . . . . . . . . . . . . . . . 1 . . scatter_targeting 4 | . . . . . . . . . . . . . . . . . . 3 . . . . . . . 1 . . spike_heat 5 | . . . . . . . . . . . . . . . . 1 . 2 . . . . . . . 2 . . overload_power 3 | . . . . . . . . . . . . 1 . . . . . . 1 . . . . . 1 . . . amplify_resonance 2 | . . . . . . . 1 . . . . . . . . . . . . . . . . . . 1 . . disable_weapons 4 | . . . . . . . . . . . 1 2 . . . . . 1 . . . . . . . . . . reboot_system 2 | . . . . . . . . . . . . . . . . . . 1 1 . . . . . . . . . overwrite_iff 17 | . . . . . . . 2 . 2 . . 5 . . . 2 . 2 . . . . . . 2 2 . . streamctrl_high 1 | . . . . . . . . . . . . 1 . . . . . . . . . . . . . . . . formatsys_low 16 | . . . . . . . . . . 1 2 . . . . 1 1 . 2 . 1 . 2 . . 3 2 1 formatsys_high 38 | . . . . . . . 4 . 3 . 1 6 . . . 3 2 8 5 . 2 2 . . 2 . . . Relay Couplers Released 109 | . . . . . . 9 . . . 15 . 15 3 . . 11 . 36 1 . . 15 . . . 4 . . Machine Destruction 105 | . . . . . . 9 . . . 15 . 15 3 . . 11 . 36 1 . . 15 . . . . . . Programmers 4 | . . . . . . . . . . . . . . . . . . . . . . . . . . 4 . . Attached 48 | . . . . . . 1 6 . 2 2 . 5 . 1 . 3 2 10 7 1 . 3 . . 1 2 2 . Fabnet Peak Effective % . | . . . . . . . . . . . . . . . . . . . . . . . . . . . . . Robots Rewired 26 | . . . . . . 3 . . . 5 . . . . . 9 . . 1 . . 6 . . 2 . . . Allies Hacked 6 | . . . . . . . . . . . 1 . . . . . . 1 3 . . . . . . 1 . . Hacks Repelled 2 | . . . . . . . . . . . . . . . . . . . . . . . . . . . 2 . Allies | -11 -10 -10 -9 -9 -8 -8 -7 -7 -7 -7 -7 -7 -6 -6 -6 -6 -6 -6 -5 -5 -5 -5 -4 -4 -4 -3 -2 -1 -------- Run | Yrd Mat Min Mat Min Mat Gar Fac Was Fac Gar Fac Gar Fac Was Fac Gar Fac Gar Fac Was Fac Gar Fac Upp Upp Res Res Acc Total Allies 116 | . . . . 4 . 3 6 3 5 6 3 12 1 1 . 17 3 17 8 . 3 8 2 . 6 6 1 1 Largest Group 11 | . . . . 3 . 3 4 4 2 6 7 4 1 1 . 9 10 9 11 . 3 6 8 8 8 7 1 1 Highest-Rated Group 361 | . . . . 40 . 76 64 79 64 118 132 64 29 31 . 275 361 338 343 . 108 174 219 219 277 288 14 26 Highest-Rated Ally 116 | . . . . 31 . 31 32 31 32 30 32 31 29 31 . 116 116 95 62 . 49 29 29 29 64 64 14 26 Total Orders 130 | . . . . . . 3 5 1 13 2 7 . . . . 18 4 13 22 . . 2 . . 14 14 8 4 STAY 62 | . . . . . . 2 3 . 6 1 2 . . . . 10 2 6 11 . . 1 . . 7 6 3 2 ROAM 2 | . . . . . . . . . . . 2 . . . . . . . . . . . . . . . . . FOLLOW 53 | . . . . . . 1 2 . 7 1 3 . . . . 5 2 4 10 . . 1 . . 7 6 2 2 AID 11 | . . . . . . . . 1 . . . . . . . 3 . 3 . . . . . . . 1 3 . DROP 2 | . . . . . . . . . . . . . . . . . . . 1 . . . . . . 1 . . Ally Attacks 637 | . . . . 9 . 12 26 136 27 . 19 56 . 23 . 50 25 65 69 . 16 25 23 . 26 30 . . Total Damage 13409 | . . . . 100 . 254 383 1995 738 . 571 677 . 311 . 1299 822 1868 1523 . 617 361 345 . 446 1099 . . Kills 71 | . . . . 1 . 2 2 3 7 . 1 5 . . . 4 6 10 10 . 6 3 3 . 4 4 . . Allies Corrupted 6 | . . . . . . . . . . . . . . . . . . 1 2 . . . . . . 3 . . Allies Melted 4 | . . . . 1 . . . . . . . . . . . . . 3 . . . . . . . . . . Intel | -11 -10 -10 -9 -9 -8 -8 -7 -7 -7 -7 -7 -7 -6 -6 -6 -6 -6 -6 -5 -5 -5 -5 -4 -4 -4 -3 -2 -1 ------- Run | Yrd Mat Min Mat Min Mat Gar Fac Was Fac Gar Fac Gar Fac Was Fac Gar Fac Gar Fac Was Fac Gar Fac Upp Upp Res Res Acc Active Infowar (turns) 13191 | 57 1318 322 . . . . 327 . 433 . 81 . 82 . 103 27 115 1267 1937 309 757 1398 284 593 321 1280 1235 945 Sensors 1735 | . . . . . . . 327 . . . . . . . . . . . . . . . . . . . 746 662 IFF 3959 | . . . . . . . . . . . . . . . . . . . 1407 302 755 211 151 535 142 456 . . Terrain 380 | . . 24 . . . . . . . . . . . . . . . . . . . . . . . . 356 . Seismic 3707 | 57 1318 298 . . . . . . 433 . 81 . 82 . 103 27 115 1193 . . . . . . . . . . Cloaking 43 | . . . . . . . . . . . . . . . . . . . 43 . . . . . . . . . Spoofing 399 | . . . . . . . . . . . . . . . . . . 74 320 5 . . . . . . . . Jamming 7477 | . . . . . . . . . . . . . . . . . . . 1410 7 169 1398 282 593 321 1280 1073 944 ECM 2 | . . . . . . . . . . . . . . . . . . . . . . . . . . 2 . . Robot Analysis Total 7 | . 2 . 2 . 1 . . . . . . . 2 . . . . . . . . . . . . . . . Derelict Logs Recovered 6 | . . 2 . 2 . . . . . . . . . . . . . . . . . . . 2 . . . . Drone Launches . | . . . . . . . . . . . . . . . . . . . . . . . . . . . . . Drone Recoveries . | . . . . . . . . . . . . . . . . . . . . . . . . . . . . . Exploration | -11 -10 -10 -9 -9 -8 -8 -7 -7 -7 -7 -7 -7 -6 -6 -6 -6 -6 -6 -5 -5 -5 -5 -4 -4 -4 -3 -2 -1 ------------- Run | Yrd Mat Min Mat Min Mat Gar Fac Was Fac Gar Fac Gar Fac Was Fac Gar Fac Gar Fac Was Fac Gar Fac Upp Upp Res Res Acc Turns Passed 35082 | 145 1681 1322 3031 1228 2760 1967 1079 522 1591 921 1187 1718 773 407 106 2395 325 1833 2001 729 823 1734 318 593 321 1302 1293 977 Spaces Moved 15775 | 74 775 545 1188 488 983 667 595 246 881 518 703 875 378 124 58 1077 147 783 880 235 358 751 173 359 176 603 673 462 Core 19 | 19 . . . . . . . . . . . . . . . . . . . . . . . . . . . . Treads 7731 | 23 48 . 622 488 940 465 . . . . . . 39 77 58 1077 147 783 880 235 358 153 38 359 176 229 74 462 Legs 973 | . . . . . . . . . . . . . . . . . . . . . . . . . . 374 599 . Wheels 7052 | 32 727 545 566 . 43 202 595 246 881 518 703 875 339 47 . . . . . . . 598 135 . . . . . Hover . | . . . . . . . . . . . . . . . . . . . . . . . . . . . . . Flight . | . . . . . . . . . . . . . . . . . . . . . . . . . . . . . Fastest Speed 50 | 50 160 175 175 240 205 150 150 150 145 145 125 125 145 160 160 160 160 150 160 150 150 150 135 155 155 110 110 163 Average Speed 175 | 102 180 175 211 240 240 234 152 154 154 159 150 131 168 209 160 164 160 159 181 216 197 188 147 155 155 141 118 163 Slowest Speed 570 | 160 320 175 240 240 250 570 165 165 165 160 160 145 240 240 160 240 160 160 240 240 230 305 180 155 155 180 180 170 Overloaded Moves . | . . . . . . . . . . . . . . . . . . . . . . . . . . . . . Propulsion Burnouts . | . . . . . . . . . . . . . . . . . . . . . . . . . . . . . Robots Hopped 1 | . . . . . . . . . . . 1 . . . . . . . . . . . . . . . . . Potential Cave-ins 2 | . . . . . . . . . . . . . 2 . . . . . . . . . . . . . . . Cave-ins Triggered . | . . . . . . . . . . . . . . . . . . . . . . . . . . . . . Exploration Rate (%) 52 | 5 98 99 97 99 77 60 20 100 28 80 16 93 13 82 2 88 7 97 32 97 11 79 6 60 13 24 25 16 Regions Visited 28 Branch Regions 4 Pre-discovered Areas 1 | . . 1 . . . . . . . . . . . . . . . . . . . . . . . . . . Known Exits Taken 10 | . 1 . . . 1 . . . 1 . 1 . . . 1 . 1 . . . 1 . 1 . . 1 1 . Unknown Exits Taken 6 | 1 . 1 1 1 . . . . . . . . . . . . . . . . . . . 1 1 . . . Scrap Searched 7 | . . 1 . 2 . . . . . . . . . . . . . . . . . . . 3 1 . . . Spaces Dug 363 | . 2 . 12 22 24 . 4 13 5 . 4 50 13 . . 16 6 2 78 4 12 21 . 3 2 32 16 22 Terrain Destroyed 919 | . 2 15 60 30 45 20 9 26 22 . 8 224 16 3 . 54 7 7 154 16 22 32 . 8 3 63 39 34 Melee 2 | . . . 2 . . . . . . . . . . . . . . . . . . . . . . . . . Projectile 342 | . . . . . . . 9 26 9 . 8 3 16 3 . . 7 7 66 16 17 32 . 8 3 50 28 34 AOE 574 | . 2 15 58 30 45 20 . . 13 . . 221 . . . 54 . . 88 . 5 . . . . 12 11 . Terrain Rammed . | . . . . . . . . . . . . . . . . . . . . . . . . . . . . . Walls Destroyed . | . . . . . . . . . . . . . . . . . . . . . . . . . . . . . Machines Disabled . | . . . . . . . . . . . . . . . . . . . . . . . . . . . . . Actions | -11 -10 -10 -9 -9 -8 -8 -7 -7 -7 -7 -7 -7 -6 -6 -6 -6 -6 -6 -5 -5 -5 -5 -4 -4 -4 -3 -2 -1 --------- Run | Yrd Mat Min Mat Min Mat Gar Fac Was Fac Gar Fac Gar Fac Was Fac Gar Fac Gar Fac Was Fac Gar Fac Upp Upp Res Res Acc Total 20792 | 114 918 874 1525 516 1212 906 733 326 1057 586 789 1213 470 207 71 1551 222 1166 1148 381 434 964 217 380 212 887 1037 676 Wait 1361 | 10 23 285 80 6 21 7 42 13 70 4 26 53 22 9 7 198 23 85 66 37 6 38 11 7 19 33 108 52 Move 15751 | 73 774 544 1187 487 983 666 595 245 881 517 700 873 378 123 58 1076 147 782 880 234 358 750 172 358 175 602 672 461 Hop 1 | . . . . . . . . . . . 1 . . . . . . . . . . . . . . . . . Pick Up 398 | 8 17 6 47 1 35 33 7 6 14 7 5 28 9 6 1 22 9 38 9 4 4 22 2 1 . 30 20 7 Fast Attach 132 | 7 . 4 2 . 6 8 7 1 5 1 4 8 2 3 . 13 . 11 12 5 1 4 1 . 2 7 16 2 Attach 154 | . . 2 7 . 9 12 3 . 3 2 2 13 2 1 4 14 4 12 9 10 9 5 1 . . 14 11 5 Detach 66 | . . . . . 3 4 1 . 3 2 1 . . 3 . 5 . 4 3 11 7 1 . . . 5 12 1 Swap 597 | 1 25 7 41 5 23 20 17 6 28 11 15 40 12 10 . 45 7 48 36 16 9 18 15 6 5 50 53 28 Drop 415 | . 3 5 52 1 45 31 8 11 14 5 6 24 12 14 1 28 7 32 14 9 1 19 2 1 . 27 32 11 Fire 1805 | 15 76 21 101 12 85 82 37 44 39 36 29 158 33 38 . 150 25 154 118 55 39 97 13 7 11 118 103 109 Melee 35 | . . . 2 4 . 29 . . . . . . . . . . . . . . . . . . . . . . Ram . | . . . . . . . . . . . . . . . . . . . . . . . . . . . . . Kick 6 | . . . . . . . . . . . . . . . . . . . . . . . . . . 1 5 . Crush 9 | . . . 4 . 2 2 . . . . . . . . . . . . 1 . . . . . . . . . Escape Stasis 49 | . . . . . . 2 16 . . . . 16 . . . . . . . . . 10 . . . . 5 . Rewire 11 | . . . . . . 10 . . . 1 . . . . . . . . . . . . . . . . . . Trap 2 | . . . 2 . . . . . . . . . . . . . . . . . . . . . . . . . Miscellaneous . | . . . . . . . . . . . . . . . . . . . . . . . . . . . . . Route ------- -11/Scrapyard -10/Materials (discovered 4 exits: *Mat x3 / *Min) -10/Mines (discovered 4 exits: *Mat x2 / [*Exi] / [*Sub]) -9/Materials (discovered 5 exits: *Mat x3 / [*Min x2]) -9/Mines (discovered 3 exits: *Mat x2 / [*Zio]) -8/Materials (discovered 4 exits: *Fac x3 / Gar) -8/Garrison (discovered 3 exits: *Fac x3) -7/Factory (discovered 2 exits: *Fac / Sto) -7/Waste -7/Factory (discovered 4 exits: *Fac / *Sto / [*Low] / Gar) -7/Garrison (discovered 3 exits: *Fac x3) -7/Factory (discovered 2 exits: *Fac / Gar) -7/Garrison (discovered 3 exits: *Fac x3) -6/Factory -6/Waste -6/Factory -6/Garrison (discovered 3 exits: *Fac x3) -6/Factory -6/Garrison (discovered 3 exits: *Fac x3) -5/Factory -5/Waste -5/Factory (discovered 2 exits: Fac / Gar) -5/Garrison (discovered 3 exits: *Fac x3) -4/Factory (discovered 2 exits: *Upp x2) -4/Upper Caves -4/Upper Caves -3/Research (discovered 2 exits: *Res / Arm) -2/Research (discovered 2 exits: *Acc / [*Qua]) -1/Access To Epsilon Eridani History --------- Turn | Location | Event 9 | -11/Scrapyard | Discovered new exit (range 15) 146 | -11/Scrapyard | Entered Materials 301 | -10/Materials | Build established: Mutant 593 | -10/Materials | Central database locked down 750 | -10/Materials | Discovered new exit (range 15) 838 | -10/Materials | Discovered new exit (range 15) 1235 | -10/Materials | Discovered new exit (range 7) 1666 | -10/Materials | Discovered new exit (range 11) 1822 | -10/Materials | Identified exit to Mines 1827 | -10/Materials | Entered Mines 1933 | -10/Mines | Assembled infested the area 2373 | -10/Mines | Found a hidden stash of uninstalled traps 2396 | -10/Mines | Discovered new exit (range 8) 2544 | -10/Mines | Learned location of Mines (-9) 2565 | -10/Mines | Discovered new exit (range 7) 2726 | -10/Mines | Discovered new exit (range 7) 2784 | -10/Mines | Received a Rocket Launcher from a helpful Derelict 2828 | -10/Mines | Discovered new exit (range 5) 2932 | -10/Mines | Learned Materials stockpile data 3149 | -10/Mines | Entered Materials 3149 | -9/Materials | Evolved 2 slots: Propulsion x1, Weapon x1 3325 | -9/Materials | Discovered new exit (range 16) 3459 | -9/Materials | Build established: Gunner 3804 | -9/Materials | Destroyed 7 combat bots 3843 | -9/Materials | Discovered new exit (range 12) 4411 | -9/Materials | Discovered new exit (range 8) 4761 | -9/Materials | Build established: Scavenger-Gunner 4926 | -9/Materials | Repaired Lgt. Treads 5107 | -9/Materials | Discovered new exit (range 6) 5331 | -9/Materials | Build established: Tank 5458 | -9/Materials | Discovered new exit (range 8) 5463 | -9/Materials | Central database locked down 6180 | -9/Materials | Entered Mines 6228 | -9/Mines | Learned 4 Materials zone layouts 6292 | -9/Mines | Met a Derelict bent on vengeance 6321 | -9/Mines | Learned 2 Materials zone layouts 6431 | -9/Mines | Core integrity fell below 50% 6520 | -9/Mines | Assisted by bots powering up and referring to "LRC-V3" 6606 | -9/Mines | Discovered new exit (range 10) 6879 | -9/Mines | Excavation squad dispatched 6879 | -9/Mines | A large section of the Mines collapsed 6911 | -9/Mines | Received a Mining Laser from a helpful Derelict 6922 | -9/Mines | Lost 3 allies 7007 | -9/Mines | A Derelict revealed a hidden shortcut to a safe place 7201 | -9/Mines | Found a Scrap Suit stashed away for nefarious purposes 7314 | -9/Mines | Discovered new exit (range 12) 7408 | -9/Mines | Entered Materials 7408 | -8/Materials | Evolved 2 slots: Utility x2 7409 | -8/Materials | Identified exit to Factory 8243 | -8/Materials | Garrison activated, responded to threat 8682 | -8/Materials | Discovered exit to Factory (range 9) 8687 | -8/Materials | Found Corrupted Prototype Device 9207 | -8/Materials | Discovered exit to Factory (range 5) 9597 | -8/Materials | Identified Active Sensor Suite 10043 | -8/Materials | Garrison activated, responded to threat 10168 | -8/Materials | Identified exit to Garrison 10168 | -8/Materials | Entered Garrison 10222 | -8/Garrison | Triggered checkpoint 10280 | -8/Garrison | Garrison Relay disabled 10329 | -8/Garrison | Garrison Relay disabled 10644 | -8/Garrison | Triggered checkpoint 10646 | -8/Garrison | Triggered checkpoint 10811 | -8/Garrison | System corruption reached 10% 11251 | -8/Garrison | Discovered exit to Factory (range 8) 11322 | -8/Garrison | Triggered checkpoint 11401 | -8/Garrison | Discovered exit to Factory (range 68) 11401 | -8/Garrison | Discovered exit to Factory (range 44) 11401 | -8/Garrison | Discovered exit to Factory (range 20) 11587 | -8/Garrison | Installed Relay Interface Framework 11914 | -8/Garrison | System corruption reached 30% 11958 | -8/Garrison | Triggered checkpoint 12045 | -8/Garrison | Build established: Bothacker-Tank 12135 | -8/Garrison | Entered Factory 12135 | -7/Factory | Evolved 2 slots: Utility x2 12525 | -7/Factory | P-60 Hacker assimilated allied Guardian 4a 12625 | -7/Factory | Discovered new exit (range 71) 12625 | -7/Factory | Discovered new exit (range 92) 12979 | -7/Factory | Build established: Bothacker-Gunner 13214 | -7/Factory | Sucked down chute 13214 | -7/Factory | Entered Waste 13214 | -7/Waste | Met up with 2 allies sucked down the chute earlier 13215 | -7/Waste | Met a frightened Derelict 13224 | -7/Waste | 1 allies followed down the chute 13238 | -7/Waste | Spotted C-40 Crusher 13260 | -7/Waste | Spotted C-40 Crusher 13299 | -7/Waste | Spotted C-40 Crusher 13309 | -7/Waste | Allies destroyed C-40 Crusher 13313 | -7/Waste | Spotted C-40 Crusher 13317 | -7/Waste | Allies destroyed C-40 Crusher 13347 | -7/Waste | Allies destroyed C-40 Crusher 13360 | -7/Waste | Spotted C-40 Crusher 13363 | -7/Waste | Spotted C-40 Crusher 13378 | -7/Waste | Found Damper Plating 13403 | -7/Waste | Lost 3 allies 13446 | -7/Waste | Discovered new exit (range 16) 13535 | -7/Waste | Destroyed C-40 Crusher 13541 | -7/Waste | Destroyed C-40 Crusher 13736 | -7/Waste | Entered Factory 14043 | -7/Factory | Discovered new exit (range 15) 14092 | -7/Factory | Identified exit to Storage 14444 | -7/Factory | Discovered new exit (range 15) 14851 | -7/Factory | Discovered new exit (range 4) 15064 | -7/Factory | Identified exit to Factory 15197 | -7/Factory | Lost 3 allies 15327 | -7/Factory | Identified exit to Garrison 15327 | -7/Factory | Entered Garrison 15327 | -7/Garrison | Discovered recently destroyed garrison 15397 | -7/Garrison | Garrison Relay disabled 15552 | -7/Garrison | Discovered new exit (range 15) 15665 | -7/Garrison | Build established: Bothacker-Tank 15693 | -7/Garrison | Garrison Relay disabled 15785 | -7/Garrison | Discovered new exit (range 9) 15805 | -7/Garrison | Expanded RIF knowledge: Watcher Feeds 15849 | -7/Garrison | Garrison Relay disabled 16050 | -7/Garrison | Garrison Relay disabled 16165 | -7/Garrison | Discovered new exit (range 10) 16248 | -7/Garrison | Entered Factory 16248 | -7/Factory | Accompanied by 6 allies 17082 | -7/Factory | Discovered exit to Factory (range 9) 17429 | -7/Factory | Identified exit to Garrison 17435 | -7/Factory | Entered Garrison 17463 | -7/Garrison | Triggered checkpoint 17535 | -7/Garrison | Garrison Relay disabled 17858 | -7/Garrison | Triggered checkpoint 17865 | -7/Garrison | Triggered checkpoint 18140 | -7/Garrison | Discovered exit to Factory (range 10) 18207 | -7/Garrison | Triggered checkpoint 18244 | -7/Garrison | Garrison Relay disabled 18402 | -7/Garrison | Triggered checkpoint 18472 | -7/Garrison | Core integrity fell below 50% 18512 | -7/Garrison | Lost 4 parts (1p1n1u1w) 18553 | -7/Garrison | Garrison Relay disabled 18672 | -7/Garrison | Discovered exit to Factory (range 13) 18715 | -7/Garrison | Phase Generator disabled 18859 | -7/Garrison | Triggered checkpoint 18909 | -7/Garrison | Expanded RIF knowledge: Autooverride 18989 | -7/Garrison | Garrison Relay disabled 19023 | -7/Garrison | Rescued a captive Derelict 19025 | -7/Garrison | Rescued a captive Derelict 19109 | -7/Garrison | Discovered exit to Factory (range 10) 19153 | -7/Garrison | Entered Factory 19153 | -6/Factory | Evolved 2 slots: Propulsion x1, Utility x1 19620 | -6/Factory | Found Launcher Loader 19853 | -6/Factory | First assault squad dispatched 19926 | -6/Factory | Sucked down chute 19926 | -6/Factory | Entered Waste 19927 | -6/Waste | Met a frightened Derelict 19939 | -6/Waste | Spotted C-40 Crusher 19941 | -6/Waste | EMP discharged 19951 | -6/Waste | Found Corrupted Gamma Bomb Array 19955 | -6/Waste | Spotted C-40 Crusher 19984 | -6/Waste | Spotted C-40 Crusher 19994 | -6/Waste | Spotted C-40 Crusher 19996 | -6/Waste | Spotted C-40 Crusher 20020 | -6/Waste | Destroyed C-40 Crusher 20040 | -6/Waste | Found Damper Plating 20041 | -6/Waste | EMP discharged 20050 | -6/Waste | Spotted C-40 Crusher 20079 | -6/Waste | System corruption reached 10% 20126 | -6/Waste | Destroyed C-40 Crusher 20141 | -6/Waste | EMP discharged 20154 | -6/Waste | Found Damper Plating 20216 | -6/Waste | Destroyed C-40 Crusher 20221 | -6/Waste | Discovered new exit (range 12) 20241 | -6/Waste | EMP discharged 20266 | -6/Waste | Destroyed C-40 Crusher 20333 | -6/Waste | Entered Factory 20439 | -6/Factory | Identified exit to Garrison 20439 | -6/Factory | Entered Garrison 20439 | -6/Garrison | Spotted B-86 Titan 20471 | -6/Garrison | Triggered checkpoint 20774 | -6/Garrison | Garrison Relay disabled 20875 | -6/Garrison | Triggered checkpoint 20897 | -6/Garrison | Spotted B-75 Beast 20903 | -6/Garrison | Triggered checkpoint 20912 | -6/Garrison | Destroyed B-75 Beast 20936 | -6/Garrison | Destroyed 8 combat bots 20944 | -6/Garrison | Triggered checkpoint 21145 | -6/Garrison | Triggered checkpoint 21240 | -6/Garrison | Build established: Scavenger-Tank 21338 | -6/Garrison | Triggered checkpoint 21371 | -6/Garrison | Discovered new exit (range 15) 21708 | -6/Garrison | Discovered new exit (range 10) 21731 | -6/Garrison | Triggered checkpoint 21751 | -6/Garrison | Garrison Relay disabled 21888 | -6/Garrison | Build established: Bothacker-Tank 21932 | -6/Garrison | Discovered new exit (range 8) 22057 | -6/Garrison | Triggered checkpoint 22201 | -6/Garrison | Triggered checkpoint 22229 | -6/Garrison | Expanded RIF knowledge: Program Shield 22459 | -6/Garrison | Spotted B-75 Beast 22479 | -6/Garrison | Destroyed B-75 Beast 22498 | -6/Garrison | Destroyed B-86 Titan 22523 | -6/Garrison | Lost 3 allies 22524 | -6/Garrison | Rewired B-86 Titan 22834 | -6/Garrison | Entered Factory 22834 | -6/Factory | Accompanied by 7 allies 23159 | -6/Factory | Identified exit to Garrison 23159 | -6/Factory | Entered Garrison 23159 | -6/Garrison | Accompanied by 8 allies 23210 | -6/Garrison | P-60 Hacker assimilated allied Veteran 5a 23245 | -6/Garrison | Triggered checkpoint 23330 | -6/Garrison | Garrison Relay disabled 23527 | -6/Garrison | Lost 11 allies 23690 | -6/Garrison | Garrison Relay disabled 23708 | -6/Garrison | Triggered checkpoint 23770 | -6/Garrison | Garrison Relay disabled 23776 | -6/Garrison | Garrison Relay disabled 23813 | -6/Garrison | Garrison Relay disabled 23844 | -6/Garrison | Garrison Relay disabled 23979 | -6/Garrison | Discovered new exit (range 13) 24073 | -6/Garrison | Triggered checkpoint 24113 | -6/Garrison | Triggered checkpoint 24127 | -6/Garrison | Build established: Botlord-Tank 24226 | -6/Garrison | Garrison Relay disabled 24242 | -6/Garrison | Triggered checkpoint 24285 | -6/Garrison | Expanded RIF knowledge: Patrol Navigation 24338 | -6/Garrison | Discovered new exit (range 3) 24365 | -6/Garrison | Spotted Executioner 24494 | -6/Garrison | Triggered checkpoint 24531 | -6/Garrison | Garrison Relay disabled 24535 | -6/Garrison | Spotted B-75 Beast 24556 | -6/Garrison | Allies destroyed B-75 Beast 24597 | -6/Garrison | Found Fusion Bomb Launcher 24604 | -6/Garrison | Found Gamma Bomb Array 24698 | -6/Garrison | Discovered new exit (range 14) 24717 | -6/Garrison | Found embedded Infiltrators 24880 | -6/Garrison | Spotted Executioner 24906 | -6/Garrison | Destroyed Executioner 24912 | -6/Garrison | Found Prototype Processor 24912 | -6/Garrison | Identified Exp. Targeting Computer 24992 | -6/Garrison | Entered Factory 24992 | -5/Factory | Accompanied by 8 allies 24992 | -5/Factory | Evolved 2 slots: Power x1, Utility x1 25449 | -5/Factory | Discovered new exit (range 19) 25863 | -5/Factory | Lost 5 allies 25926 | -5/Factory | Cargo convoy interrupted 26547 | -5/Factory | Build established: Bothacker-Tank 26993 | -5/Factory | Sucked down chute 26993 | -5/Factory | Entered Waste 26996 | -5/Waste | Found Prototype Processor 27003 | -5/Waste | Spotted C-40 Crusher 27008 | -5/Waste | EMP discharged 27009 | -5/Waste | Spotted C-40 Crusher 27014 | -5/Waste | Spotted C-40 Crusher 27040 | -5/Waste | Spotted C-40 Crusher 27042 | -5/Waste | Spotted C-40 Crusher 27108 | -5/Waste | EMP discharged 27131 | -5/Waste | Destroyed C-40 Crusher 27208 | -5/Waste | EMP discharged 27208 | -5/Waste | System corruption reached 10% 27269 | -5/Waste | Destroyed C-40 Crusher 27287 | -5/Waste | Found Damper Plating 27308 | -5/Waste | EMP discharged 27310 | -5/Waste | Spotted C-40 Crusher 27408 | -5/Waste | EMP discharged 27508 | -5/Waste | EMP discharged 27562 | -5/Waste | Build established: Tank 27608 | -5/Waste | EMP discharged 27681 | -5/Waste | Discovered new exit (range 12) 27708 | -5/Waste | EMP discharged 27722 | -5/Waste | Entered Factory 27726 | -5/Factory | Identified Exp. Core Analyzer 27888 | -5/Factory | Found Unknown Protection 28024 | -5/Factory | Identified Imp. Powered Armor 28410 | -5/Factory | Discovered new exit (range 46) 28501 | -5/Factory | Garrison activated, responded to threat 28545 | -5/Factory | Lost 3 allies 28545 | -5/Factory | Identified exit to Garrison 28545 | -5/Factory | Entered Garrison 28569 | -5/Garrison | Triggered checkpoint 28579 | -5/Garrison | Warlord forces raided the area 28600 | -5/Garrison | Garrison Relay disabled 28747 | -5/Garrison | Triggered checkpoint 28785 | -5/Garrison | Triggered checkpoint 28819 | -5/Garrison | Triggered checkpoint 28915 | -5/Garrison | Build established: Botlord-Tank 28942 | -5/Garrison | Triggered checkpoint 29074 | -5/Garrison | Triggered checkpoint 29226 | -5/Garrison | Discovered new exit (range 8) 29231 | -5/Garrison | Triggered checkpoint 29294 | -5/Garrison | Build established: Botlord-Gunner 29421 | -5/Garrison | Garrison Relay disabled 29539 | -5/Garrison | Triggered checkpoint 29632 | -5/Garrison | Triggered checkpoint 29795 | -5/Garrison | Discovered new exit (range 15) 29933 | -5/Garrison | Triggered checkpoint 29984 | -5/Garrison | Expanded RIF knowledge: Structural Interface 30039 | -5/Garrison | Garrison Relay disabled 30086 | -5/Garrison | Discovered new exit (range 10) 30279 | -5/Garrison | Entered Factory 30279 | -4/Factory | Accompanied by 6 allies 30279 | -4/Factory | Evolved 2 slots: Propulsion x2 30338 | -4/Factory | Identified exit to Upper Caves 30589 | -4/Factory | Build established: Botlord-Tank 30597 | -4/Factory | Entered Upper Caves 30597 | -4/Upper Caves | Accompanied by 8 allies 30720 | -4/Upper Caves | Encountered a Warlord checkpoint 30843 | -4/Upper Caves | Learned Research emergency access door positions 31139 | -4/Upper Caves | Discovered new exit (range 7) 31190 | -4/Upper Caves | Entered another Upper Caves area 31190 | -4/Upper Caves | Accompanied by 8 allies 31341 | -4/Upper Caves | Attracted the attention of an 0b10 outpost 31387 | -4/Upper Caves | Lost 7 allies 31477 | -4/Upper Caves | Discovered new exit (range 14) 31511 | -4/Upper Caves | Entered Research 31511 | -3/Research | Accompanied by 6 allies 31511 | -3/Research | Evolved 2 slots: Power x1, Utility x1 31512 | -3/Research | Identified exit to Armory 31870 | -3/Research | Lost 4 allies 32355 | -3/Research | System corruption reached 10% 32674 | -3/Research | Discovered new exit (range 7) 32811 | -3/Research | Identified exit to Research 32813 | -3/Research | Entered another Research area 32813 | -2/Research | Evolved 2 slots: Propulsion x1, Utility x1 32890 | -2/Research | Found Launcher Loader 33381 | -2/Research | Discovered new exit (range 81) 33583 | -2/Research | P-80 Master assimilated allied Machinist 9a 33657 | -2/Research | Build established: Hacker-Gunner 33791 | -2/Research | Found Quantum Capacitor 33809 | -2/Research | Found Prototype Launcher 33809 | -2/Research | Identified Ragnarok Missile Launcher 33876 | -2/Research | Discovered new exit (range 12) 34104 | -2/Research | Identified exit to Access 34106 | -2/Research | Entered Access 34106 | -1/Access | Evolved 2 slots: Utility x2 35027 | -1/Access | Spotted B-99 Colossus 35031 | -1/Access | Spotted B-99 Colossus 35053 | -1/Access | Discovered new exit (range 15) 35075 | -1/Access | System corruption reached 10% 35081 | -1/Access | Identified exit to Surface 35083 | *** | Escaped! Last Messages --------------- 35069_ Penetrated by Slug. 35069_ Slug penetrates Main Access Shell. 35069_ Penetrated by Slug. 35069_ Slug penetrates Main Access Shell. 35069_ Penetrated by Slug. 35069_ Slug penetrates Sealed Heavy Doors. 35069_ Penetrated by Slug. 35071_ Acquired 8 matter. 35072_ Penetrated by Slug. 35072_ Slug penetrates Main Access Shell. 35073_ Acquired 1 matter. 35073_ Slug penetrates Sealed Heavy Doors. 35074_ U-05 Engineer builds a Wall. 35081_ EXIT=IDENTIFIED: SURFACE [Achievement: 5k Club] [Achievement: 10k Club] [Achievement: 20k Club] [Achievement: 30k Club] [Achievement: 40k Club] [Achievement: Epsilon Run] Map ----- +----------------------------------------------------+ | ????????????????????????????????????#####" | | ????????????????????????????????????# ###+##### | | ????????????????????????????????????# "" | | ????????????????????????????????????# " | | ????????????????????????????????????# ######### | | ????????????????????????????????????## ###??????? | | ?????????????????????????????????????# ########## | | ?????????????????????????????????????# # ! | | ?????????????????????????????????????+ # ![ | | ?????????????????????????????????????# # ""*%""" | | ?????????????????????????????????????# # "" =""" | | ?????????????????????????????????????# # " """ | | ?????????????????????????????????????# !# " """ | | ?????????????????????????????????????# =# " """ | | ?????????????????????????????????????#%*#= | | #????????????????????????????????????#!%+= | | #?######?????????????????????????????#% #[ | | #?# #?????????????????????????????#! # | | #?# #?????????????????????????????#*=########## | | ### #?????????????????????????????#%%#????????? | | ##" #?#########??########??"#######[[#????????? | | #?# #?# "??" ???" ! [ #????????? | | #?# ### "??" ?????" #????????? | | ### ##" ""?" """""??" #????????? | | %% """ " "??" #????????? | | B ! pp% "@ "??" #????????? | | % % % %% """" " "" "??" #????????? | | % % % "?" " "??" #????????? | | ##""""""## ""?" """"""??" #????????? | | "### "??" ???????"""" """ #????????? | | = ##?# "?" ???????"""" """ #????????? | | #??##########?###???????"####### #????????? | | #??????????????????????????????# #????????? | | #??????????????????????????????# #????????? | | #??????????????????????????????# #????????? | | #???????????????????##?????????# #????????? | | #???????????????????#"####?????# #????????? | | #???????????????????# ####### #????????? | | #???????????????????# #????????? | | #??????????????????## #????????? | | * #??????????????????#" !! ####### #????????? | | ####/##??????????????????### ###?????# #????????? | | ???# #?????????????????????# #???????# #????????? | | ???# #?????????????????????# #???????# +????????? | | ???# #?????????????????##??# #???????# #????????? | | ??##+######????????????#"###+######### #????????? | | ??# #?????????????# # #????????? | | ??# #?????????????# # #????????? | | ??# ! ! #?????????????# # #????????? | | ??# #?????????????# # #????????? | +----------------------------------------------------+ Best States ------------- Heat Dissipation 121 Coolant Potential 100 Energy Generation 55 Energy Capacity 1780 Matter Stores 300 Matter Capacity 300 Sight Range 16 Robot Scan Range 16 Terrain Scan Range 16 Terrain Scan Density 210 Jamming Range 16 Cloak Strength 2 Corruption Block 20 Armor Coverage 1600 Resistance: KI 30 Resistance: TH 15 Resistance: EM 90 Evasion (%) 55 Targeting Accuracy 20 Recoil Reduction 7 Energy Filtering 30 Particle Charging 25 Offensive Hacking 10 Defensive Hacking 14 Relay Coupler Types 4 Relay Coupler Value 97 Item Schematics ----------------- Arm. Huge Wheel | -7/Factory | Hacked Robot Schematics ------------------ None Fabricated ------------ Nothing Repaired ---------- Lgt. Treads | 52% | -9/Materials Alien Tech Used ----------------- None Achievements -------------- 10k Club 20k Club 30k Club 40k Club 5k Club A New Friend Armchair Analyst Assimilation Complete Beloved Below Can't Touch This Dangerous Findings Denied? Epsilon Run Error 47 Everything Is Under Control Factory Defaults GoHome() Hey, That's Mine! I Spy Infiltrator It's Just You Knowing Is Half The Battle Let's See Who's Tougher Made in Tau Ceti IV No Signal Novice Programmer Oh No You Don't! Ooh, Shiny! Part-time Mechanic Please Form A Line Power Corrupts Prolific Hacker Pwned Remodeling Respectable Loadout Risk Taker Rockin' Loadout Safety First Serviceable Loadout Significant Disruption System Compromised Tank The More The Merrier Total Silence Tourist Troublemaker Uninvited Guest Challenges ------------ None Game ------ Seed DispersalChromaticSuite Manual? 0 Play Time 11:24:04 Cumulative 11.3 hours Start 2025.08.02 @ 07:17:30 End 2025.08.10 @ 17:42:02 Sessions 26 Manual Loads 0 Difficulty Rogue Special Mode None Game No. 1 Rogue 1 Adventurer 0 Explorer 0 Win Type 0 Total 1 Types 1/0/0/0/0/0/0/0/0/0 Lore% 0 Gallery% 14 Achievement% 20 Wizard Run 0 Options --------- Layout 0 ASCII 0 Keyboard 0 Movement Mouse Keybinds 0 Fullscreen 2 Font 20/SmallcapsGlow Map View 50x50 Zoom Use 40% Tactical HUD 1 Map Filters NONE Filters NONE Steam 1 RUN: 5446ecb3-2889-444d-8390-b9783c3d2dd5